 Dungeon Crawl Stone Soup version 0.30-a0-172-gc5509c9e31 (webtiles) character file.

Game seed: 16203817112481716830

521633 qw the Slayer (level 25, -9/176 HPs)
             Began as a Gargoyle Fighter on Oct 1, 2022.
             Was a High Priest of Okawaru.
             Mangled by a golden dragon (12 damage)
             ... on level 3 of the Realm of Zot.
             The game lasted 00:26:18 (49248 turns).

qw the Slayer (Gargoyle Fighter)                   Turns: 49248, Time: 00:26:19

Health: -9/176     AC: 68    Str: 45    XL:     25   Next: 31%
Magic:  30/30      EV: 17    Int: 20    God:    Okawaru [*****.]
Gold:   810        SH: 29    Dex: 13    Spells: 24/24 levels left

rFire   + + +      SeeInvis +    H - +9 broad axe (freeze)
rCold   + . .      Faith    .    L - +0 tower shield
rNeg    + + +      Spirit   .    K - +10 plate armour of Shadows and Fog {rF+ Int+2 Slay+2}
rPois   inf        Reflect  +    l - +2 helmet "Waela Ics" {rC+ Str+7}
rElec   +          Harm     .    N - +1 cloak of Oseedye {rN+ Str+3}
rCorr   +          Rampage  .    G - +5 pair of gloves of Romemoil {rN++}
Will    +....                    b - +1 pair of boots of the Rose {rElec rN+ Int+7 SInv}
Stlth   ..........               B - amulet "Zuuchu" {Reflect rF+ Str+5 SH+5}
HPRegen 0.49/turn                c - ring of the Fool {+Blink rF+ rCorr Dex+4 Stlth-}
MPRegen 0.22/turn                y - +4 ring of evasion

@: about to teleport, heroic, flying, slowed, constricted, very slow
A: sickness immunity, AC +19, big wings, negative energy resistance 1,
electricity resistance, torment resistance 1, petrification resistance, sense
surroundings 1
}: 3/15 runes: barnacled, silver, gossamer
a: Renounce Religion, Evoke Blink, Heroism, Finesse, Duel


You were on level 3 of the Realm of Zot.
You worshipped Okawaru.
Okawaru was extremely pleased with you.
You visited 9 branches of the dungeon, and saw 43 of its levels.
You visited the Abyss 1 time.
You also visited: Ossuary.

You collected 6911 gold pieces.
You spent 6101 gold pieces at shops.


Innate Abilities, Weirdness & Mutations

You are immune to sickness and miasma.
Your stone body is resilient. (AC +19)
You are immune to poison.
Your large and strong wings let you fly.
You resist negative energy. (rN+)
You are resistant to electric shocks. (rElec)
You are resistant to unholy torment.
You are immune to petrification.
You passively map a small area around you.


   Skills:
 - Level 23.0(27) Fighting
 - Level 18.0(23.0) Axes
 - Level 13.0(18.0) Throwing
 + Level 21.1(26.1) Armour
 - Level 10.0(15.0) Dodging
 - Level 21.7(26.7) Shields
 - Level 10.0 Invocations


You had 24 spell levels left.
You didn't know any spells.
Your spell library was empty.

Inventory:

Hand Weapons
 H - a +9 broad axe of freezing (weapon)
Missiles
 o - 2 silver javelins (quivered)
 p - 37 boomerangs
 x - 18 javelins
 D - 11 silver boomerangs
 E - 13 boomerangs of dispersal
Armour
 b - the +1 pair of boots of the Rose (worn) {rElec rN+ Int+7 SInv}
   (You found it on level 5 of the Vaults)

   Int:       It affects your intelligence (+7).
   rElec:     It insulates you from electricity.
   rN:        It protects you from negative energy.
   SInv:      It lets you see invisible.
 f - a +2 pair of boots
 l - the +2 helmet "Waela Ics" (worn) {rC+ Str+7}
   (You found it on level 2 of the Dungeon)

   Str:       It affects your strength (+7).
   rC:        It protects you from cold.
 t - the +0 crystal plate armour of the Arena {Rampage Fly rCorr Dex+3}
   (Okawaru gifted it to you on level 3 of the Lair of Beasts)

   Dex:       It affects your dexterity (+3).
   Fly:       It grants you flight.
   rCorr:     It protects you from acid and corrosion.
   Rampage:   It bestows one free step when moving towards enemies.
 G - the +5 pair of gloves of Romemoil (worn) {rN++}
   (Okawaru gifted it to you on level 3 of the Depths)

   rN:        It greatly protects you from negative energy.
 J - the +0 cloak of Ecvir {rC+++ Will-}
   (Okawaru gifted it to you on level 3 of the Vaults)

   rC:        It renders you almost immune to cold.
   Will:      It decreases your willpower.
 K - the +10 plate armour of Shadows and Fog (worn) {rF+ Int+2 Slay+2}
   (You found it on level 5 of the Vaults)

   Int:       It affects your intelligence (+2).
   Slay:      It affects your accuracy & damage with ranged weapons and melee
   (+2).
   rF:        It protects you from fire.
 L - a +0 tower shield (worn)
 N - the +1 cloak of Oseedye (worn) {rN+ Str+3}
   (You found it on level 5 of the Vaults)

   Str:       It affects your strength (+3).
   rN:        It protects you from negative energy.
Jewellery
 c - the ring of the Fool (left hand) {+Blink rF+ rCorr Dex+4 Stlth-}
   (You bought it in a shop on level 3 of the Shoals)

   [ring of protection from fire]

   Dex:       It affects your dexterity (+4).
   rF:        It protects you from fire.
   +Blink:    It lets you blink.
   rCorr:     It protects you from acid and corrosion.
   Stlth:     It makes you less stealthy.
 y - a +4 ring of evasion (right hand)
 A - a ring of resist corrosion
 B - the amulet "Zuuchu" (around neck) {Reflect rF+ Str+5 SH+5}
   (You acquired it on level 14 of the Dungeon)

   [amulet of reflection]

   It reflects blocked missile attacks.
   Str:       It affects your strength (+5).
   rF:        It protects you from fire.
   SH:        It affects your SH (+5).
 F - a ring of protection from fire
 Y - a +4 ring of slaying {mikee}
Scrolls
 a - 25 scrolls of identify
 k - 20 scrolls of teleportation
 u - 7 scrolls of enchant armour
 w - 3 scrolls of enchant weapon
Potions
 d - 8 potions of might
 e - 7 potions of haste
 g - 7 potions of cancellation
 i - 13 potions of heal wounds
 j - 15 potions of curing
 m - 14 potions of lignification
 r - 9 potions of resistance
 s - 9 potions of attraction
 v - 10 potions of mutation
 z - 5 potions of magic

Dungeon Overview and Level Annotations

Branches:
Dungeon (15/15)            Temple (1/1) D:6            Lair (5/5) D:8
 Shoals (4/4) Lair:3       Spider (4/4) Lair:2        Slime (0/5) Lair:5
    Orc (2/2) D:11            Elf (0/3) Orc:2        Vaults (5/5) D:14
  Crypt (0/3) Vaults:3     Depths (4/4) D:15            Zot (3/5) Depths:4
Ossuary (visited)

Altars:
Ashenzari
Cheibriados
Dithmenos
Elyvilon
Fedhas
Gozag
Hepliaklqana
Kikubaaqudgha
Makhleb
Nemelex Xobeh
Okawaru
Qazlal
Ru
Sif Muna
Trog
Uskayaw
Vehumet
Wu Jian
Xom
Yredelemnul
Zin
The Shining One
Jiyva
Lugonu

Shops:
D:6 !   D:10 (=??*   D:14 [   D:15 [!   Orc:2 !!:[   Shoals:3 =*?[!
Vaults:1 (   Vaults:3 :   Depths:1 ?:[*

Portals:
Hell: Depths:1 Depths:2 Depths:3 Depths:4
Abyss: Depths:1 Depths:3 Depths:4
Pandemonium: Depths:2
Ziggurat: Depths:1
Trove: Vaults:4 (give +6 demon whip)

Annotations:
D:2 1 runed translucent door, Crazy Yiuf
D:11 3 runed translucent doors, Ofeo's ghost, journeyman DDFi
D:14 3 runed translucent doors, Imiczer's ghost, journeyman FoFi; qw's ghost, journeyman GrFi
Shoals:2 1 runed translucent door, Bityczex's ghost, adept DEFE
Spider:2 1 runed translucent door, qw's ghost, adept GrFi


Message History

You block the green draconian's attack.
A moth of wrath comes into view.
A yellow draconian comes into view. It is wielding a +0 dire flail.
The green draconian monk hits you but does no damage.
You block the green draconian monk's attack.
The green draconian monk tail-slaps you but does no damage. x2
You block the red draconian scorcher's attack.
The tentacled monstrosity tentacle-slaps you but does no damage.
The tentacled monstrosity barely misses you.
The tentacled monstrosity tentacle-slaps you but does no damage.
The tentacled monstrosity grabs you.
The tentacled monstrosity constricts you.
The golden dragon bites you but does no damage.
You block the golden dragon's attack.
The golden dragon tramples you but does no damage.
49248 ||| DRINKING 14 potions of heal wounds.
You feel much better.
The moth of wrath looks more healthy.
The green draconian monk closely misses you.
You block the green draconian monk's attack. x2
The green draconian monk closely misses you.
You block the green draconian's attack. x2
The tentacled monstrosity tentacle-slaps you but does no damage. x3
The tentacled monstrosity constricts you.
The golden dragon bites you but does no damage.
The golden dragon completely misses you.
The golden dragon tramples you.
You are held in place!
The red draconian scorcher barely misses you.
The green draconian monk hits you but does no damage.
The green draconian monk kicks you but does no damage.
The green draconian monk barely misses you.
The green draconian monk tail-slaps you but does no damage.
The green draconian hits you with a +0 dire flail of holy wrath!
You block the green draconian's attack.
The tentacled monstrosity tentacle-slaps you!!
The tentacled monstrosity misses you.
The tentacled monstrosity completely misses you.
The tentacled monstrosity constricts you.
The golden dragon bites you!
You die...

################## ##########
..............q..# #.........
.............yD@)# #....q....
.............zXqd# #...d.....
..............Dyz######.........
..............yy......d...(.00.
####....########dy.............
,, #....# #..........(000. *
#....# #.(...z.....0.0. #....#
#######.....#### #....# #.....#


You could see a tentacled monstrosity (berserk), a green draconian monk
(berserk), a golden dragon (berserk), a storm dragon (berserk), a yellow
draconian, a green draconian (berserk, slow), 2 death cobs, a red draconian
scorcher and 5 moths of wrath.

Vanquished Creatures
  An ancient lich (Vaults:5)
  A dread lich (Vaults:5)
  2 juggernauts (Depths:4)
  Margery (Vaults:4)
  4 caustic shrikes (Depths:4)
  A curse toe (Zot:2)
  7 golden dragons
  the Enchantress (Depths:3)
  Jory (Vaults:2)
  A bone dragon (Depths:4)
  Arachne (Spider:3)
  An electric golem (Zot:1)
  A Tzitzimitl (Depths:3)
  Jorgrun (Orc:2)
  12 tentacled monstrosities
  2 liches
  3 quicksilver dragons
  5 titans
  A walking earthen tome (Depths:2)
  2 Executioners (Depths:3)
  2 death cobs (Zot:3)
  3 sphinxes
  Kirke (Lair:5)
  5 storm dragons
  4 shadow dragons
  4 tengu reavers
  Donald (Orc:2)
  An azure jelly (shapeshifter) (Depths:2)
  2 draconian knights
  3 draconian monks
  3 draconian scorchers
  9 fire giants
  11 frost giants
  A juggernaut zombie (Depths:3)
  6 emperor scorpions
  22 vault wardens
  3 ghost moths (Spider:4)
  A balrug (Depths:2)
  A spectral juggernaut (Depths:3)
  2 deep elf sorcerers (Vaults:5)
  A draconian stormcaller (Zot:1)
  2 iron dragons (Depths:2)
  A caustic shrike zombie (D:15)
  2 draconian shifters
  A spectral caustic shrike (Depths:3)
  15 very ugly things
  2 draconian annihilators
  9 broodmothers
  3 spriggan defenders (Depths:3)
  A caustic shrike skeleton (Depths:3)
  2 reapers (Depths:3)
  An orc warlord (Orc:2)
  10 ironbound thunderhulks
  18 ironbound preservers
  17 stone giants
  Nessos (D:14)
  5 black draconians
  4 green draconians
  A deep elf demonologist (Vaults:5)
  3 vampire knights
  9 dire elephants
  11 white draconians
  4 purple draconians
  7 spark wasps
  2 red draconians
  5 yellow draconians
  A spark wasp (shapeshifter) (Vaults:5)
  Snorg (Orc:2)
  4 deep elf death magi
  14 ettins
  Josephine (Orc:2)
  7 fire dragons
  3 merfolk javelineers
  10 yaktaur captains
  12 entropy weavers
  A rakshasa (Depths:1)
  14 merfolk impalers
  A spectral shadow dragon (Depths:3)
  3 great orbs of eyes
  8 hydras
  5 ironbound frosthearts
  5 ice dragons
  8 centaur warriors
  A spectral tengu (Depths:3)
  A hydra (shapeshifter) (Depths:2)
  41 vault guards
  A caustic shrike simulacrum (Depths:3)
  2 catoblepae
  3 radroaches
  An alligator snapping turtle (Shoals:4)
  3 merfolk avatars
  2 spriggan air magi
  A spriggan skeleton (Depths:3)
  9 two-headed ogres
  7 merfolk aquamancers (Shoals:4)
  6 ogre magi
  6 boulder beetles
  2 death knights (Vaults:3)
  4 tengu warriors
  3 deep troll shamans
  5 satyrs
  9 deep troll earth magi
  6 vampire magi
  3 orc high priests (Orc:2)
  A storm dragon zombie (Depths:3)
  10 death yaks
  13 hell knights
  A titan zombie (Depths:3)
  A soul eater (Depths:4)
  Urug (D:14)
  5 spriggan berserkers
  A sun demon (Depths:4)
  A deep elf knight (Vaults:5)
  7 spriggans
  A skeletal warrior (D:15)
  2 sun moths
  27 deep trolls
  A shadow wraith (Vaults:3)
  7 iron trolls
  A spectral spark wasp (Depths:3)
  10 pharaoh ants
  6 steelbarb worms
  2 salamander mystics (Depths:4)
  7 orb spiders
  2 spriggan simulacra (Depths:3)
  A flayed ghost (Depths:3)
  11 sea snakes
  4 phantasmal warriors
  16 ironbound convokers
  2 glowing orange brains
  6 necromancers
  6 lindwurms
  A tengu skeleton (Depths:3)
  A golden dragon skeleton (Depths:3)
  16 harpies
  8 wizards
  A shadow dragon zombie (D:15)
  A tengu zombie (Depths:3)
  An orc knight (Vaults:5)
  A mana viper (shapeshifter) (Vaults:5)
  4 fauns
  A deep elf zephyrmancer (Vaults:5)
  22 wolf spiders
  11 orc sorcerers
  2 iron dragon skeletons (Depths:3)
  38 ugly things
  A shining eye (shapeshifter) (Vaults:5)
  4 salamanders (Depths:4)
  A shadow dragon skeleton (Depths:3)
  8 cyclopes
  A stone giant zombie (D:15)
  A salamander (shapeshifter) (Depths:2)
  A frost giant skeleton (D:15)
  23 manticores
  9 water nymphs
  12 moths of wrath
  22 elephants
  A black mamba (shapeshifter) (Vaults:4)
  8 merfolk sirens
  7 black mambas
  21 vault sentinels
  An orange demon (Depths:2)
  A smoke demon (Depths:4)
  A titan simulacrum (Depths:3)
  Joseph (D:7)
  A cane toad (shapeshifter) (Vaults:4)
  10 cane toads
  5 torpor snails
  A hellion (Depths:4)
  3 rime drakes
  9 komodo dragons
  A hellwing (Depths:2)
  A kobold demonologist (Depths:3)
  30 yaktaurs
  A tengu conjurer (Depths:3)
  8 demonic crawlers
  4 tormentors (Depths:3)
  A spectral human (Depths:3)
  A guardian mummy (D:15)
  5 trolls
  13 meliai
  A queen bee (shapeshifter) (Vaults:5)
  3 polar bears
  5 hornets
  A queen bee (Orc:1)
  A wind drake (shapeshifter) (D:15)
  18 merfolk
  3 harpy zombies (Shoals:1)
  25 slime creatures
  A shadow dragon simulacrum (Depths:3)
  28 tarantellas
  12 wind drakes
  6 dream sheep
  7 snapping turtles
  19 blink frogs
  A frost giant simulacrum (Depths:3)
  Sigmund (D:2)
  3 air elementals (Shoals:4)
  19 jumping spiders
  17 culicivoras
  26 water elementals
  3 wyverns
  A ynoxinul (Depths:2)
  30 yaks
  8 wraiths
  A neqoxec (Depths:2)
  A vampire (D:13)
  22 humans
  62 redbacks
  A basilisk (Lair:2)
  2 hogs (Lair:5)
  7 vampire mosquitoes
  4 wargs
  An acid dragon (D:11)
  A swamp worm (shapeshifter) (Vaults:5)
  2 glowing shapeshifter zombies (Depths:3)
  13 water moccasins
  A floating eye (Depths:2)
  A water moccasin (shapeshifter) (Vaults:5)
  A glowing shapeshifter skeleton (Depths:3)
  5 ice beasts
  3 black bears
  13 orc warriors
  2 sky beasts (D:7)
  2 manticore zombies (Shoals:1)
  13 ogres
  17 wolves
  4 phantoms
  16 centaurs
  4 kobold brigands
  17 bullfrogs
  2 gnoll sergeants
  4 scorpions
  3 water moccasin zombies (Ossuary)
  14 wights
  A water moccasin skeleton (D:6)
  24 killer bees
  3 electric eels
  9 howler monkeys
  A bullfrog zombie (D:6)
  A centaur zombie (D:6)
  A jelly (D:5)
  18 orc priests
  3 hounds
  3 iguanas (D:5)
  Ijyb (D:5)
  30 orc wizards
  7 hell rats (Lair:3)
  2 killer bee zombies (D:6)
  3 mummies
  Robin (D:2)
  18 gnolls
  2 adders
  3 shadow imps
  A white imp (D:6)
  An ufetubus (D:4)
  7 adder zombies (Ossuary)
  A worm (D:2)
  2 dart slugs
  73 orcs
  2 bats
  A bat zombie (Shoals:1)
  3 endoplasms
  3 giant cockroaches
  19 goblins
  13 hobgoblins
  11 jackals
  2 quokkas
  9 ball pythons
  5 frilled lizards
  2 gnoll zombies (Ossuary)
  6 hobgoblin zombies
  15 kobolds
  5 kobold zombies
  7 orc zombies (Ossuary)
  8 rats
  2 rat zombies (D:3)
1771 creatures vanquished.

Vanquished Creatures (others)
  A very ugly thing (Depths:2)
  2 vampire knights (Depths:2)
  An ice dragon (Depths:2)
  A spriggan air mage (Depths:2)
  A merfolk aquamancer (Shoals:4)
  A tengu warrior (Depths:2)
  A deep troll earth mage (Depths:2)
  A salamander (Depths:4)
  23 fungi
  7 pillars of salt (Vaults:3)
  139 plants
  7 withered plants
185 creatures vanquished.

Grand Total: 1956 creatures vanquished

Notes
Turn   | Place    | Note
-------+----------+-------------------------------------------
     0 | D:1      | qw the Gargoyle Fighter began the quest for the Orb.
     0 | D:1      | Reached XP level 1. HP: 14/14 MP: 1/1
     0 | D:1      | 0 ||| qw: Version: 0.2-a-13-gfc7b4b4
     0 | D:1      | 0 ||| qw: Game counter: 1785
     0 | D:1      | 0 ||| qw: Always use a shield: true
     0 | D:1      | 0 ||| qw: God list: Okawaru
     0 | D:1      | 0 ||| qw: Allow faded altars: false
     0 | D:1      | 0 ||| qw: Do Orc after D:15 true
     0 | D:1      | 0 ||| qw: Do second Lair branch before Depths: true
     0 | D:1      | 0 ||| qw: Lair rune preference: random
     0 | D:1      | 0 ||| qw: Plans: Normal, Zot:1-4, God:TSO, Crypt, Tomb,
                  | Pan, Slime:5, Hells, Abyss, Orb
     0 | D:1      | 0 ||| PLANNING D:1-11
   109 | D:1      | Reached XP level 2. HP: 18/19 MP: 2/2
   113 | D:1      | Found a faded altar of an unknown god.
   210 | D:1      | 210 ||| Stepping ~*~*~tactically~*~*~ (stealth).
   457 | D:1      | Reached skill level 3 in Axes
   459 | D:1      | 459 ||| Stepping ~*~*~tactically~*~*~ (stealth).
   460 | D:1      | 460 ||| Stepping ~*~*~tactically~*~*~ (stealth).
   626 | D:1      | 626 ||| UPGRADING to +0 pair of boots.
   631 | D:1      | 631 ||| DROPPING scarf of invisibility.
   632 | D:1      | 632 ||| READING scroll labelled OCEOTH OWNO.
   733 | D:1      | 733 ||| READING scroll labelled KENEOV TIMM.
   734 | D:1      | 734 ||| READING scroll labelled JEWKAC SU UDO.
   735 | D:1      | 735 ||| READING scroll labelled VOCYAX SURIG.
   741 | D:2      | Noticed Robin
   742 | D:2      | 742 ||| Stepping ~*~*~tactically~*~*~ (hiding).
   744 | D:2      | Reached XP level 3. HP: 23/23 MP: 3/3
   744 | D:2      | 744 ||| Stepping ~*~*~tactically~*~*~ (hiding).
   762 | D:2      | Killed Robin
   799 | D:2      | 799 ||| Stepping ~*~*~tactically~*~*~ (stealth).
   831 | D:2      | Identified the +2 helmet "Waela Ics" {rC+ Str+7}
  1022 | D:2      | Reached XP level 4. HP: 28/28 MP: 4/4
  1125 | D:2      | Found a runed translucent door.
  1126 | D:2      | Noticed Crazy Yiuf
  1348 | D:2      | Noticed Sigmund
  1349 | D:2      | 1349 ||| Stepping ~*~*~tactically~*~*~ (hiding).
  1362 | D:2      | Killed Sigmund
  1363 | D:2      | Reached XP level 5. HP: 22/32 MP: 5/5
  1363 | D:2      | Reached XP level 6. HP: 25/37 MP: 6/6
  1550 | D:2      | 1550 ||| UPGRADING to +0 helmet.
  1555 | D:2      | 1555 ||| UPGRADING to +2 helmet "Waela Ics" {rC+ Str+7}.
  1565 | D:2      | 1565 ||| DROPPING +0 helmet.
  1566 | D:2      | 1566 ||| UPGRADING to ring of protection from fire.
  1567 | D:2      | 1567 ||| READING scroll labelled BAPIEF ZISCHI.
  1568 | D:2      | 1568 ||| READING 2 scrolls labelled AXACEZ DAJEOX.
  1620 | D:2      | 1620 ||| READING 2 scrolls labelled OLICI ZEEK.
  1621 | D:2      | 1621 ||| READING scroll of enchant armour.
  1621 | D:2      | 1621 ||| ENCHANTING +0 pair of boots.
  1622 | D:2      | 1622 ||| READING scroll labelled INYEG ZUUBOJE.
  1670 | D:3      | 1670 ||| STAIRDANCE
  1717 | D:2      | 1717 ||| DROPPING +0 club.
  1760 | D:3      | 1760 ||| STAIRDANCE
  1976 | D:3      | 1976 ||| Stepping ~*~*~tactically~*~*~ (stealth).
  2042 | D:3      | Found an ancient bone altar of Kikubaaqudgha.
  2055 | D:3      | Found a glowing golden altar of the Shining One.
  2087 | D:3      | 2087 ||| READING scroll of enchant weapon.
  2087 | D:3      | 2087 ||| ENCHANTING +1 war axe.
  2105 | D:3      | 2105 ||| Stepping ~*~*~tactically~*~*~ (hiding).
  2130 | D:3      | Found a stormy altar of Qazlal.
  2161 | D:3      | 2161 ||| Stepping ~*~*~tactically~*~*~ (stealth).
  2162 | D:3      | 2162 ||| Stepping ~*~*~tactically~*~*~ (stealth).
  2174 | D:3      | Reached skill level 1 in Dodging
  2280 | D:3      | Identified the +6 dagger of the Dove {flame, Will++ Str-2}
  2500 | D:3      | 2500 ||| DROPPING ring of wizardry.
  2501 | D:3      | 2501 ||| READING scroll labelled VIFAT HEICLEDD.
  2502 | D:3      | 2502 ||| READING scroll labelled FOECUNU LAVAMM.
  2526 | D:3      | 2526 ||| DRINKING 2 grey potions.
  2643 | D:4      | Reached skill level 4 in Fighting
  2684 | D:4      | Found a shadowy altar of Dithmenos.
  2685 | D:4      | 2685 ||| Stepping ~*~*~tactically~*~*~ (stealth).
  2691 | D:4      | 2691 ||| FLEEEEING.
  2698 | D:4      | 2698 ||| Stepping ~*~*~tactically~*~*~ (stealth).
  2809 | D:4      | Found a radiant altar of Vehumet.
  2840 | D:4      | Found a bloodstained altar of Trog.
  2912 | D:4      | 2912 ||| Stepping ~*~*~tactically~*~*~ (hiding).
  2970 | D:4      | Found a sparkling altar of Nemelex Xobeh.
  3179 | D:4      | Noticed a black bear
  3185 | D:4      | Killed a black bear
  3186 | D:4      | Reached skill level 6 in Axes
  3186 | D:4      | Reached XP level 7. HP: 42/43 MP: 7/7
  3457 | D:4      | Found a burning altar of Makhleb.
  3457 | D:4      | Noticed a green death
  3526 | D:4      | 3526 ||| READING scroll labelled MEM GAYXEWYA.
  3527 | D:4      | 3527 ||| READING scroll labelled KALAQE KUSUO.
  3527 | D:4      | Identified a scroll of acquirement
  3527 | D:4      | 3527 ||| ACQUIRING +4 war axe "Zykem" {flame, Str+8}
  3527 | D:4      | Acquired the +4 war axe "Zykem" {flame, Str+8}
  3529 | D:4      | 3529 ||| SWAPPING to +4 war axe "Zykem" {flame, Str+8}.
  3530 | D:4      | 3530 ||| DROPPING +0 flail.
  3531 | D:4      | 3531 ||| DROPPING +2 war axe of freezing.
  3532 | D:4      | 3532 ||| READING scroll labelled ZIVAGE TADUX.
  3533 | D:4      | 3533 ||| DRINKING 3 inky potions.
  3634 | D:4      | 3634 ||| DROPPING 2 potions of ambrosia.
  3661 | D:5      | Entered Level 5 of the Dungeon
  3662 | D:5      | 3662 ||| PLANNING OSSUARY
  3693 | D:5      | 3693 ||| Stepping ~*~*~tactically~*~*~ (stealth).
  3697 | D:5      | 3697 ||| Stepping ~*~*~tactically~*~*~ (stealth).
  3703 | D:5      | 3703 ||| Stepping ~*~*~tactically~*~*~ (stealth).
  3749 | D:5      | Found a sand-covered staircase.
  3754 | Ossuary  | Entered an ossuary
  3911 | Ossuary  | Reached skill level 5 in Fighting
  3952 | Ossuary  | Reached XP level 8. HP: 48/49 MP: 8/8
  3976 | Ossuary  | 3976 ||| UPGRADING to +0 chain mail.
  3986 | Ossuary  | 3986 ||| DROPPING +0 scale mail.
  3987 | Ossuary  | 3987 ||| DRINKING 2 murky brown potions.
  3988 | Ossuary  | 3988 ||| DRINKING 3 viscous coppery potions.
  3989 | Ossuary  | 3989 ||| READING 2 scrolls of identify.
  3989 | Ossuary  | 3989 ||| IDENTIFYING blue potion
  3997 | D:5      | 3997 ||| PLANNING D:1-11
  4040 | D:5      | Reached skill level 1 in Throwing
  4173 | D:5      | 4173 ||| Stepping ~*~*~tactically~*~*~ (stealth).
  4294 | D:5      | 4294 ||| Stepping ~*~*~tactically~*~*~ (stealth).
  4296 | D:5      | 4296 ||| Stepping ~*~*~tactically~*~*~ (stealth).
  4297 | D:5      | 4297 ||| Stepping ~*~*~tactically~*~*~ (stealth).
  4307 | D:5      | 4307 ||| Stepping ~*~*~tactically~*~*~ (stealth).
  4314 | D:5      | Noticed Ijyb
  4325 | D:5      | Killed Ijyb
  4363 | D:5      | Reached skill level 6 in Fighting
  4626 | D:5      | 4626 ||| UPGRADING to +0 cloak.
  4631 | D:5      | 4631 ||| READING scroll labelled YRHUEF YNOIPP.
  4632 | D:5      | 4632 ||| DRINKING 2 brown potions.
  4633 | D:5      | 4633 ||| DRINKING 2 dark potions.
  4634 | D:5      | 4634 ||| DROPPING potion of flight.
  4642 | D:6      | Found a sacrificial altar of Ru.
  4647 | D:6      | 4647 ||| Stepping ~*~*~tactically~*~*~ (hiding).
  4657 | D:6      | 4657 ||| Stepping ~*~*~tactically~*~*~ (stealth).
  4673 | D:6      | 4673 ||| Stepping ~*~*~tactically~*~*~ (stealth).
  4674 | D:6      | 4674 ||| Stepping ~*~*~tactically~*~*~ (stealth).
  4676 | D:6      | 4676 ||| Stepping ~*~*~tactically~*~*~ (stealth).
  4690 | D:6      | Reached XP level 9. HP: 53/55 MP: 9/9
  4760 | D:6      | Reached skill level 9 in Axes
  4822 | D:6      | Found a staircase to the Ecumenical Temple.
  4823 | D:6      | 4823 ||| PLANNING TEMPLE
  4824 | D:6      | 4824 ||| Stepping ~*~*~tactically~*~*~ (hiding).
  4937 | Temple   | Entered the Ecumenical Temple
  4939 | Temple   | 4939 ||| PLANNING OKAWARU WORSHIP
  5134 | Temple   | Became a worshipper of Warmaster Okawaru
  5135 | Temple   | 5135 ||| PLANNING D:1-11
  5154 | D:6      | 5154 ||| Stepping ~*~*~tactically~*~*~ (stealth).
  5156 | D:6      | 5156 ||| Stepping ~*~*~tactically~*~*~ (hiding).
  5157 | D:6      | 5157 ||| Stepping ~*~*~tactically~*~*~ (hiding).
  5158 | D:6      | 5158 ||| Stepping ~*~*~tactically~*~*~ (hiding).
  5159 | D:6      | 5159 ||| Stepping ~*~*~tactically~*~*~ (hiding).
  5168 | D:6      | Reached * piety under Okawaru
  5271 | D:6      | 5271 ||| READING scroll of enchant armour.
  5271 | D:6      | 5271 ||| ENCHANTING +1 pair of boots.
  5279 | D:6      | Reached skill level 1 in Invocations
  5279 | D:6      | 5279 ||| Stepping ~*~*~tactically~*~*~ (stealth).
  5280 | D:6      | 5280 ||| Stepping ~*~*~tactically~*~*~ (stealth).
  5335 | D:6      | 5335 ||| Stepping ~*~*~tactically~*~*~ (stealth).
  5472 | D:6      | 5472 ||| Stepping ~*~*~tactically~*~*~ (stealth).
  5482 | D:6      | 5482 ||| INVOKING Heroism.
  5521 | D:6      | Reached skill level 3 in Invocations
  5586 | D:6      | 5586 ||| Stepping ~*~*~tactically~*~*~ (hiding).
  5589 | D:6      | 5589 ||| INVOKING Heroism.
  5591 | D:6      | Reached skill level 7 in Fighting
  5599 | D:6      | 5599 ||| Stepping ~*~*~tactically~*~*~ (stealth).
  5609 | D:6      | Reached ** piety under Okawaru
  5686 | D:6      | 5686 ||| FLEEEEING.
  5687 | D:6      | 5687 ||| FLEEEEING.
  5688 | D:6      | 5688 ||| FLEEEEING.
  5689 | D:6      | 5689 ||| FLEEEEING.
  5690 | D:6      | 5690 ||| FLEEEEING.
  5691 | D:6      | 5691 ||| FLEEEEING.
  5692 | D:6      | 5692 ||| FLEEEEING.
  5693 | D:6      | 5693 ||| FLEEEEING.
  5694 | D:6      | 5694 ||| FLEEEEING.
  5695 | D:6      | 5695 ||| FLEEEEING.
  5696 | D:6      | 5696 ||| STAIRDANCE
  5798 | D:5      | 5798 ||| UPGRADING to +1 cloak.
  5808 | D:5      | 5808 ||| DROPPING +0 cloak.
  5809 | D:5      | 5809 ||| UPGRADING to +0 plate armour.
  5819 | D:5      | 5819 ||| DROPPING +0 chain mail.
  5852 | D:6      | Found Teuhuwux's Distillery.
  5856 | D:6      | 5856 ||| BUYING potion of attraction (36 gold).
  5856 | D:6      | Bought a potion of attraction for 36 gold pieces
  5856 | D:6      | 5856 ||| BUYING potion of attraction (36 gold).
  5856 | D:6      | Bought a potion of attraction for 36 gold pieces
  5856 | D:6      | 5856 ||| BUYING potion of heal wounds (60 gold).
  5856 | D:6      | Bought a potion of heal wounds for 60 gold pieces
  5856 | D:6      | 5856 ||| BUYING potion of heal wounds (60 gold).
  5856 | D:6      | Bought a potion of heal wounds for 60 gold pieces
  5856 | D:6      | 5856 ||| BUYING potion of lignification (36 gold).
  5856 | D:6      | Bought a potion of lignification for 36 gold pieces
  5856 | D:6      | 5856 ||| BUYING potion of mutation (96 gold).
  5856 | D:6      | Bought a potion of mutation for 96 gold pieces
  5856 | D:6      | 5856 ||| SHOPLISTING potion of resistance (120 gold, have
                  | 79).
  5946 | D:6      | Reached skill level 6 in Armour
  6127 | D:7      | Noticed Joseph
  6128 | D:7      | 6128 ||| Stepping ~*~*~tactically~*~*~ (hiding).
  6146 | D:7      | Killed Joseph
  6147 | D:7      | Reached XP level 10. HP: 55/63 MP: 13/13
  6216 | D:7      | 6216 ||| Stepping ~*~*~tactically~*~*~ (hiding).
  6225 | D:7      | 6225 ||| INVOKING Heroism.
  6333 | D:7      | 6333 ||| INVOKING Heroism.
  6339 | D:7      | Reached *** piety under Okawaru
  6341 | D:7      | 6341 ||| Stepping ~*~*~tactically~*~*~ (stealth).
  6359 | D:7      | 6359 ||| READING scroll of enchant armour.
  6359 | D:7      | 6359 ||| ENCHANTING +1 cloak.
  6420 | D:7      | 6420 ||| Stepping ~*~*~tactically~*~*~ (hiding).
  6460 | D:7      | Found an ornate altar of the Wu Jian Council.
  6674 | D:7      | 6674 ||| Stepping ~*~*~tactically~*~*~ (stealth).
  6812 | D:7      | 6812 ||| DROPPING amulet of guardian spirit.
  6813 | D:7      | 6813 ||| READING scroll labelled IPIKEXZ GIQOEN.
  6814 | D:7      | 6814 ||| READING scroll labelled TYITAM IR CAWE.
  6815 | D:7      | 6815 ||| READING 2 scrolls labelled YPLUFAHIOC.
  6816 | D:7      | 6816 ||| READING 7 scrolls of identify.
  6816 | D:7      | 6816 ||| IDENTIFYING lumpy clear potion
  6817 | D:7      | 6817 ||| READING 6 scrolls of identify.
  6817 | D:7      | 6817 ||| IDENTIFYING silvery potion
  6818 | D:7      | 6818 ||| DROPPING potion of brilliance.
  6819 | D:7      | 6819 ||| DROPPING potion of degeneration.
  6820 | D:7      | 6820 ||| DROPPING scroll of poison.
  6853 | D:8      | Noticed a two-headed ogre
  6854 | D:8      | 6854 ||| INVOKING Heroism.
  6857 | D:8      | Killed a two-headed ogre
  6858 | D:8      | Reached skill level 8 in Fighting
  6882 | D:8      | 6882 ||| INVOKING Heroism.
  6918 | D:8      | 6918 ||| READING scroll of enchant armour.
  6918 | D:8      | 6918 ||| ENCHANTING +0 plate armour.
  6944 | D:8      | 6944 ||| Stepping ~*~*~tactically~*~*~ (hiding).
  6947 | D:8      | 6947 ||| Stepping ~*~*~tactically~*~*~ (hiding).
  6948 | D:8      | 6948 ||| Stepping ~*~*~tactically~*~*~ (hiding).
  6950 | D:8      | 6950 ||| Stepping ~*~*~tactically~*~*~ (hiding).
  7011 | D:8      | Found a flagged portal.
  7030 | D:8      | 7030 ||| Stepping ~*~*~tactically~*~*~ (stealth).
  7045 | D:8      | 7045 ||| Stepping ~*~*~tactically~*~*~ (stealth).
  7053 | D:8      | Reached **** piety under Okawaru
  7073 | D:8      | Found a staircase to the Lair.
  7073 | D:8      | Noticed a two-headed ogre
  7074 | D:8      | 7074 ||| Stepping ~*~*~tactically~*~*~ (stealth).
  7079 | D:8      | 7079 ||| INVOKING Heroism.
  7084 | D:8      | Killed a two-headed ogre
  7085 | D:8      | Reached skill level 3 in Throwing
  7127 | D:8      | 7127 ||| Stepping ~*~*~tactically~*~*~ (stealth).
  7128 | D:8      | 7128 ||| Stepping ~*~*~tactically~*~*~ (stealth).
  7142 | D:8      | 7142 ||| Stepping ~*~*~tactically~*~*~ (hiding).
  7143 | D:8      | 7143 ||| Stepping ~*~*~tactically~*~*~ (hiding).
  7145 | D:8      | 7145 ||| INVOKING Heroism.
  7154 | D:8      | Reached XP level 11. HP: 43/69 MP: 12/15
  7262 | D:8      | 7262 ||| Stepping ~*~*~tactically~*~*~ (hiding).
  7264 | D:8      | 7264 ||| Stepping ~*~*~tactically~*~*~ (hiding).
  7270 | D:8      | 7270 ||| INVOKING Heroism.
  7272 | D:8      | 7272 ||| Stepping ~*~*~tactically~*~*~ (hiding).
  7306 | D:8      | 7306 ||| Stepping ~*~*~tactically~*~*~ (stealth).
  7307 | D:8      | 7307 ||| Stepping ~*~*~tactically~*~*~ (stealth).
  7313 | D:8      | Reached skill level 6 in Invocations
  7353 | D:8      | Found a shimmering blue altar of Sif Muna.
  7405 | D:8      | 7405 ||| Stepping ~*~*~tactically~*~*~ (hiding).
  7406 | D:8      | 7406 ||| Stepping ~*~*~tactically~*~*~ (hiding).
  7595 | D:8      | 7595 ||| Stepping ~*~*~tactically~*~*~ (hiding).
  7602 | D:8      | 7602 ||| INVOKING Heroism.
  7607 | D:8      | 7607 ||| Stepping ~*~*~tactically~*~*~ (stealth).
  7882 | D:8      | 7882 ||| PLANNING LAIR
  7899 | Lair:1   | Entered Level 1 of the Lair of Beasts
  7928 | Lair:1   | Received a gift from Okawaru
  7950 | Lair:1   | 7950 ||| INVOKING Heroism.
  7988 | Lair:1   | 7988 ||| READING scroll of enchant armour.
  7988 | Lair:1   | 7988 ||| ENCHANTING +1 plate armour.
  8013 | Lair:1   | 8013 ||| Stepping ~*~*~tactically~*~*~ (stealth).
  8014 | Lair:1   | 8014 ||| INVOKING Heroism.
  8015 | Lair:1   | 8015 ||| Stepping ~*~*~tactically~*~*~ (stealth).
  8038 | Lair:1   | 8038 ||| Stepping ~*~*~tactically~*~*~ (stealth).
  8058 | Lair:1   | 8058 ||| Stepping ~*~*~tactically~*~*~ (stealth).
  8107 | Lair:1   | 8107 ||| INVOKING Heroism.
  8208 | Lair:1   | 8208 ||| INVOKING Heroism.
  8481 | Lair:1   | You fall into a shaft and drop 1 floor!
  8539 | Lair:2   | 8539 ||| INVOKING Heroism.
  8867 | Lair:2   | 8867 ||| Stepping ~*~*~tactically~*~*~ (hiding).
  8868 | Lair:2   | 8868 ||| Stepping ~*~*~tactically~*~*~ (hiding).
  8869 | Lair:2   | 8869 ||| Stepping ~*~*~tactically~*~*~ (hiding).
  8927 | Lair:2   | 8927 ||| INVOKING Heroism.
  8930 | Lair:2   | Reached skill level 9 in Fighting
  9026 | Lair:2   | Found a hole to the Spider Nest.
  9064 | Lair:2   | Reached ***** piety under Okawaru
  9141 | Lair:2   | 9141 ||| INVOKING Heroism.
  9386 | Lair:3   | 9386 ||| INVOKING Heroism.
  9399 | Lair:3   | 9399 ||| INVOKING Heroism.
  9405 | Lair:3   | Received a gift from Okawaru
  9423 | Lair:3   | Reached skill level 9 in Invocations
  9447 | Lair:3   | 9447 ||| INVOKING Heroism.
  9454 | Lair:3   | Reached XP level 12. HP: 76/76 MP: 16/19
  9521 | Lair:3   | 9521 ||| INVOKING Heroism.
  9633 | Lair:3   | Found a staircase to the Shoals.
  9636 | Lair:3   | 9636 ||| INVOKING Heroism.
  9656 | Lair:3   | Identified the +0 crystal plate armour of the Arena
                  | {Rampage Fly rCorr Dex+3} (Okawaru gifted it to you on
                  | level 3 of the Lair of Beasts)
  9656 | Lair:3   | Received a gift from Okawaru
  9769 | Lair:3   | 9769 ||| INVOKING Heroism.
  9785 | Lair:3   | Reached skill level 12 in Axes
 10182 | Lair:3   | 10182 ||| UPGRADING to +0 crystal plate armour of the Arena
                  | {Rampage Fly rCorr Dex+3}.
 10192 | Lair:3   | 10192 ||| DROPPING +2 plate armour.
 10193 | Lair:3   | 10193 ||| DROPPING ring of flight.
 10203 | Lair:4   | Noticed a death yak
 10204 | Lair:4   | 10204 ||| INVOKING Heroism.
 10205 | Lair:4   | 10205 ||| INVOKING Finesse.
 10208 | Lair:4   | Noticed a death yak
 10212 | Lair:4   | Noticed a death yak
 10221 | Lair:4   | Killed a death yak
 10225 | Lair:4   | Killed a death yak
 10231 | Lair:4   | 10231 ||| INVOKING Heroism.
 10237 | Lair:4   | Killed a death yak
 10238 | Lair:4   | Reached skill level 9 in Armour
 10307 | Lair:4   | 10307 ||| INVOKING Heroism.
 10475 | Lair:4   | 10475 ||| INVOKING Heroism.
 10514 | Lair:4   | Noticed an eight-headed hydra
 10515 | Lair:4   | 10515 ||| Stepping ~*~*~tactically~*~*~ (stealth).
 10517 | Lair:4   | 10517 ||| INVOKING Heroism.
 10523 | Lair:4   | Killed a five-headed hydra
 10732 | Lair:4   | Reached skill level 6 in Shields
 10908 | Lair:4   | 10908 ||| Stepping ~*~*~tactically~*~*~ (stealth).
 10909 | Lair:4   | 10909 ||| Stepping ~*~*~tactically~*~*~ (stealth).
 10910 | Lair:4   | 10910 ||| INVOKING Heroism.
 10933 | Lair:4   | 10933 ||| INVOKING Heroism.
 11079 | Lair:4   | Noticed a six-headed hydra
 11079 | Lair:4   | Noticed a death yak
 11080 | Lair:4   | 11080 ||| INVOKING Heroism.
 11081 | Lair:4   | 11081 ||| INVOKING Finesse.
 11087 | Lair:4   | Killed a death yak
 11091 | Lair:4   | Killed a two-headed hydra
 11201 | Lair:5   | Entered Level 5 of the Lair of Beasts
 11202 | Lair:5   | 11202 ||| INVOKING Heroism.
 11212 | Lair:5   | Received a gift from Okawaru
 11213 | Lair:5   | Reached skill level 10 in Fighting
 11215 | Lair:5   | Reached XP level 13. HP: 61/82 MP: 18/20
 11228 | Lair:5   | Noticed Kirke
 11229 | Lair:5   | 11229 ||| Stepping ~*~*~tactically~*~*~ (stealth).
 11234 | Lair:5   | 11234 ||| Stepping ~*~*~tactically~*~*~ (stealth).
 11261 | Lair:5   | 11261 ||| FLEEEEING.
 11263 | Lair:5   | 11263 ||| STAIRDANCE
 11326 | Lair:5   | 11326 ||| DROPPING +2 broad axe of freezing.
 11330 | Lair:5   | 11330 ||| Stepping ~*~*~tactically~*~*~ (hiding).
 11334 | Lair:5   | 11334 ||| INVOKING Heroism.
 11345 | Lair:5   | Killed Kirke
 11347 | Lair:5   | 11347 ||| Stepping ~*~*~tactically~*~*~ (stealth).
 11386 | Lair:5   | 11386 ||| INVOKING Heroism.
 11405 | Lair:5   | Reached skill level 3 in Dodging
 11442 | Lair:5   | Received a gift from Okawaru
 11454 | Lair:5   | 11454 ||| Stepping ~*~*~tactically~*~*~ (stealth).
 11455 | Lair:5   | 11455 ||| Stepping ~*~*~tactically~*~*~ (stealth).
 11456 | Lair:5   | 11456 ||| Stepping ~*~*~tactically~*~*~ (stealth).
 11457 | Lair:5   | 11457 ||| Stepping ~*~*~tactically~*~*~ (stealth).
 11459 | Lair:5   | 11459 ||| Stepping ~*~*~tactically~*~*~ (stealth).
 11461 | Lair:5   | 11461 ||| Stepping ~*~*~tactically~*~*~ (stealth).
 11503 | Lair:5   | 11503 ||| INVOKING Heroism.
 11513 | Lair:5   | Received a gift from Okawaru
 11514 | Lair:5   | Reached skill level 12 in Armour
 11586 | Lair:5   | 11586 ||| INVOKING Heroism.
 11612 | Lair:5   | Found a staircase to the Slime Pits.
 11613 | Lair:5   | Found a viscous altar of Jiyva.
 11639 | Lair:5   | 11639 ||| Stepping ~*~*~tactically~*~*~ (stealth).
 11640 | Lair:5   | 11640 ||| Stepping ~*~*~tactically~*~*~ (stealth).
 11641 | Lair:5   | 11641 ||| Stepping ~*~*~tactically~*~*~ (stealth).
 11642 | Lair:5   | 11642 ||| Stepping ~*~*~tactically~*~*~ (stealth).
 11646 | Lair:5   | 11646 ||| INVOKING Heroism.
 11701 | Lair:5   | 11701 ||| INVOKING Heroism.
 11725 | Lair:5   | 11725 ||| Stepping ~*~*~tactically~*~*~ (stealth).
 11728 | Lair:5   | 11728 ||| Stepping ~*~*~tactically~*~*~ (stealth).
 11833 | Lair:5   | 11833 ||| INVOKING Heroism.
 11894 | Lair:5   | 11894 ||| INVOKING Heroism.
 11993 | Lair:5   | 11993 ||| INVOKING Heroism.
 12138 | Lair:5   | 12138 ||| INVOKING Heroism.
 12139 | Lair:5   | 12139 ||| INVOKING Finesse.
 12161 | Lair:5   | Reached ****** piety under Okawaru
 12162 | Lair:5   | Reached skill level 11 in Fighting
 12162 | Lair:5   | Gained mutation: Your large and strong wings let you fly.
                  | [Gargoyle growth]
 12162 | Lair:5   | Reached XP level 14. HP: 73/90 MP: 14/21
 12169 | Lair:5   | Received a gift from Okawaru
 12177 | Lair:5   | 12177 ||| Stepping ~*~*~tactically~*~*~ (stealth).
 12178 | Lair:5   | 12178 ||| Stepping ~*~*~tactically~*~*~ (stealth).
 12222 | Lair:5   | 12222 ||| Stepping ~*~*~tactically~*~*~ (stealth).
 12224 | Lair:5   | 12224 ||| INVOKING Finesse.
 12236 | Lair:5   | 12236 ||| INVOKING Heroism.
 12240 | Lair:5   | Received a gift from Okawaru
 12431 | Lair:5   | 12431 ||| Stepping ~*~*~tactically~*~*~ (stealth).
 12544 | Lair:5   | 12544 ||| Stepping ~*~*~tactically~*~*~ (stealth).
 12547 | Lair:5   | 12547 ||| Stepping ~*~*~tactically~*~*~ (stealth).
 12735 | Lair:5   | Noticed a dire elephant
 12736 | Lair:5   | 12736 ||| INVOKING Heroism.
 12747 | Lair:5   | Killed a dire elephant
 12819 | Lair:5   | 12819 ||| PLANNING D:1-11
 12819 | Lair:5   | 12819 ||| READING 15 scrolls of identify.
 12819 | Lair:5   | 12819 ||| IDENTIFYING fizzy black potion
 12938 | D:9      | 12938 ||| Stepping ~*~*~tactically~*~*~ (stealth).
 12939 | D:9      | 12939 ||| Stepping ~*~*~tactically~*~*~ (stealth).
 12942 | D:9      | 12942 ||| INVOKING Heroism.
 13040 | D:9      | 13040 ||| Stepping ~*~*~tactically~*~*~ (hiding).
 13464 | D:9      | Found a broken altar of Ashenzari.
 13468 | D:9      | Saw a vision of the Shoals and the Spider Nest.
 13481 | D:9      | 13481 ||| Stepping ~*~*~tactically~*~*~ (stealth).
 13593 | D:9      | 13593 ||| INVOKING Heroism.
 13874 | D:10     | Entered Level 10 of the Dungeon
 13930 | D:10     | 13930 ||| INVOKING Heroism.
 13959 | D:10     | Found Zoibb's Jewellery Shop.
 13970 | D:10     | 13970 ||| BUYING +4 ring of evasion (468 gold).
 13970 | D:10     | Bought a +4 ring of evasion for 468 gold pieces
 13970 | D:10     | 13970 ||| SHOPLISTING +4 ring of protection (468 gold, have
                  | 443).
 13970 | D:10     | 13970 ||| BUYING ring of resist corrosion (260 gold).
 13970 | D:10     | Bought a ring of resist corrosion for 260 gold pieces
 13999 | D:10     | Found Layficw's Assorted Antiques.
 14010 | D:10     | 14010 ||| SHOPLISTING potion of mutation (224 gold, have
                  | 183).
 14021 | D:10     | Identified the +0 cloak of the Fiddle {Harm Rampage rC-
                  | Str-5} (Okawaru gifted it to you on level 10 of the
                  | Dungeon)
 14021 | D:10     | Received a gift from Okawaru
 14053 | D:10     | 14053 ||| Stepping ~*~*~tactically~*~*~ (hiding).
 14152 | D:10     | Found Ymnueclass's Magic Scroll Shoppe.
 14160 | D:10     | 14160 ||| BUYING scroll of brand weapon (142 gold).
 14160 | D:10     | Bought a scroll of brand weapon for 142 gold pieces
 14160 | D:10     | 14160 ||| SHOPLISTING scroll of enchant weapon (112 gold,
                  | have 56).
 14160 | D:10     | 14160 ||| BUYING scroll of teleportation (45 gold).
 14160 | D:10     | Bought a scroll of teleportation for 45 gold pieces
 14164 | D:10     | Found Cysseh's Weapon Shoppe.
 14212 | D:10     | Found a snail-covered altar of Cheibriados.
 14216 | D:10     | 14216 ||| Stepping ~*~*~tactically~*~*~ (stealth).
 14219 | D:10     | 14219 ||| Stepping ~*~*~tactically~*~*~ (stealth).
 14221 | D:10     | 14221 ||| INVOKING Heroism.
 14466 | D:10     | Found Fyhiegacw's Magic Scroll Emporium.
 14472 | D:10     | 14472 ||| SHOPLISTING scroll of brand weapon (152 gold,
                  | have 41).
 14472 | D:10     | 14472 ||| SHOPLISTING scroll of teleportation (48 gold,
                  | have 41).
 14564 | D:10     | Identified the +9 dagger "Tormentor" {elec, rElec rPois
                  | rF+++ Will-}
 14565 | D:10     | 14565 ||| DROPPING +0 cloak of the Fiddle {Harm Rampage rC-
                  | Str-5}.
 14566 | D:10     | 14566 ||| UPGRADING to +4 ring of evasion.
 14604 | D:11     | 14604 ||| STAIRDANCE
 14609 | D:11     | 14609 ||| STAIRDANCE
 14616 | D:11     | 14616 ||| STAIRDANCE
 14629 | D:11     | 14629 ||| STAIRDANCE
 14641 | D:11     | 14641 ||| STAIRDANCE
 14643 | D:10     | 14643 ||| INVOKING Heroism.
 14658 | D:11     | 14658 ||| STAIRDANCE
 14705 | D:11     | 14705 ||| FLEEEEING.
 14706 | D:11     | 14706 ||| FLEEEEING.
 14707 | D:11     | 14707 ||| FLEEEEING.
 14708 | D:11     | 14708 ||| FLEEEEING.
 14709 | D:11     | 14709 ||| FLEEEEING.
 14710 | D:11     | 14710 ||| FLEEEEING.
 14711 | D:11     | 14711 ||| FLEEEEING.
 14712 | D:11     | 14712 ||| FLEEEEING.
 14713 | D:11     | 14713 ||| FLEEEEING.
 14714 | D:11     | 14714 ||| FLEEEEING.
 14715 | D:11     | 14715 ||| FLEEEEING.
 14716 | D:11     | 14716 ||| FLEEEEING.
 14717 | D:11     | 14717 ||| FLEEEEING.
 14718 | D:11     | 14718 ||| INVOKING Heroism.
 14815 | D:11     | Found a staircase to the Orcish Mines.
 14880 | D:11     | 14880 ||| Stepping ~*~*~tactically~*~*~ (stealth).
 14882 | D:11     | 14882 ||| INVOKING Heroism.
 15076 | D:11     | Found a runed translucent gate.
 15077 | D:11     | Found a runed translucent gate.
 15078 | D:11     | Found a runed translucent gate.
 15078 | D:11     | Identified the +4 plate armour "Ephacra" {Rampage rF++
                  | rCorr Stlth-}
 15079 | D:11     | Noticed Ofeo's ghost (journeyman DDFi)
 15378 | D:11     | 15378 ||| PLANNING D
 15408 | D:12     | 15408 ||| Stepping ~*~*~tactically~*~*~ (hiding).
 15434 | D:12     | 15434 ||| Stepping ~*~*~tactically~*~*~ (hiding).
 15441 | D:12     | 15441 ||| Stepping ~*~*~tactically~*~*~ (hiding).
 15443 | D:12     | 15443 ||| INVOKING Heroism.
 15449 | D:12     | Reached skill level 15 in Axes
 15615 | D:12     | 15615 ||| Stepping ~*~*~tactically~*~*~ (stealth).
 15659 | D:12     | 15659 ||| Stepping ~*~*~tactically~*~*~ (stealth).
 15845 | D:12     | 15845 ||| INVOKING Heroism.
 15846 | D:12     | 15846 ||| INVOKING Finesse.
 16705 | D:13     | 16705 ||| STAIRDANCE
 16710 | D:13     | 16710 ||| STAIRDANCE
 16913 | D:13     | 16913 ||| INVOKING Heroism.
 16914 | D:13     | 16914 ||| INVOKING Finesse.
 17084 | D:13     | 17084 ||| READING scroll of acquirement.
 17084 | D:13     | 17084 ||| ACQUIRING +2 pair of gloves of the Teacher {Will-
                  | Int+4 Dex+3}
 17084 | D:13     | Acquired the +2 pair of gloves of the Teacher {Will- Int+4
                  | Dex+3}
 17086 | D:13     | 17086 ||| UPGRADING to +2 pair of gloves of the Teacher
                  | {Will- Int+4 Dex+3}.
 17178 | D:13     | 17178 ||| INVOKING Heroism.
 17213 | D:13     | 17213 ||| Stepping ~*~*~tactically~*~*~ (hiding).
 17262 | D:13     | Identified the +2 quarterstaff of Likomeb {vorpal, Will+
                  | Dex+3} (Okawaru gifted it to you on level 13 of the
                  | Dungeon)
 17262 | D:13     | Received a gift from Okawaru
 17371 | D:13     | 17371 ||| Stepping ~*~*~tactically~*~*~ (hiding).
 17372 | D:13     | 17372 ||| INVOKING Heroism.
 17678 | D:13     | 17678 ||| READING 19 scrolls of identify.
 17678 | D:13     | 17678 ||| IDENTIFYING golden potion
 17679 | D:13     | 17679 ||| DROPPING potion of berserk rage.
 17692 | D:14     | Found Sunwo's Antique Armour Boutique.
 17705 | D:14     | 17705 ||| SHOPLISTING faintly glowing helmet (342 gold,
                  | have 249).
 17705 | D:14     | 17705 ||| SHOPLISTING faintly humming ice dragon scales
                  | (2340 gold, have 249).
 17705 | D:14     | 17705 ||| SHOPLISTING glowing tower shield (270 gold, have
                  | 249).
 17705 | D:14     | 17705 ||| SHOPLISTING shiny orb (432 gold, have 249).
 17830 | D:14     | Noticed Nessos
 17831 | D:14     | 17831 ||| INVOKING Heroism.
 17832 | D:14     | 17832 ||| INVOKING Finesse.
 17836 | D:14     | Paralysed by Nessos for 5 turns
 17842 | D:14     | 17842 ||| READING 14 scrolls of teleportation.
 17850 | D:14     | Reached XP level 15. HP: 73/96 MP: 16/22
 17947 | D:14     | 17947 ||| INVOKING Heroism.
 18199 | D:14     | 18199 ||| Stepping ~*~*~tactically~*~*~ (stealth).
 18200 | D:14     | 18200 ||| Stepping ~*~*~tactically~*~*~ (stealth).
 18230 | D:14     | Found an opulent altar of Gozag.
 18290 | D:14     | 18290 ||| Stepping ~*~*~tactically~*~*~ (stealth).
 18291 | D:14     | 18291 ||| Stepping ~*~*~tactically~*~*~ (stealth).
 18295 | D:14     | 18295 ||| Stepping ~*~*~tactically~*~*~ (stealth).
 18297 | D:14     | 18297 ||| Stepping ~*~*~tactically~*~*~ (stealth).
 18308 | D:14     | 18308 ||| Stepping ~*~*~tactically~*~*~ (stealth).
 18315 | D:14     | 18315 ||| INVOKING Heroism.
 18329 | D:14     | Found a gate to the Vaults.
 18342 | D:14     | Noticed Urug
 18343 | D:14     | 18343 ||| INVOKING Heroism.
 18344 | D:14     | 18344 ||| INVOKING Finesse.
 18351 | D:14     | Reached skill level 12 in Fighting
 18358 | D:14     | Killed Urug
 18439 | D:14     | 18439 ||| Stepping ~*~*~tactically~*~*~ (stealth).
 18441 | D:14     | 18441 ||| Stepping ~*~*~tactically~*~*~ (hiding).
 18442 | D:14     | 18442 ||| INVOKING Heroism.
 18521 | D:14     | 18521 ||| READING scroll of acquirement.
 18521 | D:14     | 18521 ||| ACQUIRING amulet "Zuuchu" {Reflect rF+ Str+5
                  | SH+5}
 18521 | D:14     | Acquired the amulet "Zuuchu" {Reflect rF+ Str+5 SH+5}
 18523 | D:14     | 18523 ||| UPGRADING to amulet "Zuuchu" {Reflect rF+ Str+5
                  | SH+5}.
 18536 | D:14     | Found a runed translucent gate.
 18537 | D:14     | Found a runed translucent gate.
 18537 | D:14     | Found an ancient bone altar of Kikubaaqudgha.
 18538 | D:14     | Found a runed translucent gate.
 18539 | D:14     | Noticed Imiczer's ghost (journeyman FoFi)
 18539 | D:14     | Noticed qw's ghost (journeyman GrFi)
 18539 | D:14     | Noticed a lich
 18540 | D:14     | Noticed a lich
 18540 | D:14     | Noticed a lich
 18597 | D:14     | 18597 ||| INVOKING Finesse.
 18613 | D:14     | Killed Nessos
 18624 | D:14     | 18624 ||| Stepping ~*~*~tactically~*~*~ (stealth).
 18625 | D:14     | 18625 ||| Stepping ~*~*~tactically~*~*~ (stealth).
 18633 | D:14     | 18633 ||| INVOKING Heroism.
 18637 | D:14     | Paralysed by a human for 5 turns
 18961 | D:14     | 18961 ||| READING 14 scrolls of teleportation.
 19209 | D:15     | Entered Level 15 of the Dungeon
 19209 | D:15     | Found Jiableles's Distillery.
 19211 | D:15     | 19211 ||| BUYING 2 potions of mutation (192 gold).
 19211 | D:15     | Bought 2 potions of mutation for 192 gold pieces
 19211 | D:15     | 19211 ||| BUYING potion of curing (36 gold).
 19211 | D:15     | Bought a potion of curing for 36 gold pieces
 19211 | D:15     | 19211 ||| BUYING potion of curing (36 gold).
 19211 | D:15     | Bought a potion of curing for 36 gold pieces
 19211 | D:15     | 19211 ||| BUYING potion of curing (36 gold).
 19211 | D:15     | Bought a potion of curing for 36 gold pieces
 19211 | D:15     | 19211 ||| SHOPLISTING potion of heal wounds (60 gold, have
                  | 3).
 19211 | D:15     | 19211 ||| SHOPLISTING potion of magic (96 gold, have 3).
 19214 | D:15     | 19214 ||| Stepping ~*~*~tactically~*~*~ (hiding).
 19236 | D:15     | 19236 ||| Stepping ~*~*~tactically~*~*~ (stealth).
 19250 | D:15     | 19250 ||| Stepping ~*~*~tactically~*~*~ (stealth).
 19251 | D:15     | 19251 ||| Stepping ~*~*~tactically~*~*~ (stealth).
 19253 | D:15     | 19253 ||| INVOKING Heroism.
 19328 | D:15     | Found a staircase to the Depths.
 19383 | D:15     | Received a gift from Okawaru
 19736 | D:15     | Identified the +6 hand axe of Citaygag {venom, Contam rF+
                  | Dex+9} (Okawaru gifted it to you on level 15 of the
                  | Dungeon)
 19736 | D:15     | Received a gift from Okawaru
 19780 | D:15     | Found Vawnall's Armour Emporium.
 19789 | D:15     | 19789 ||| SHOPLISTING +1 pair of gloves of the Chupacabra
                  | {Drain Will+ Dex+2} (289 gold, have 24).
 19789 | D:15     | 19789 ||| SHOPLISTING +1 plate armour of cold resistance
                  | (490 gold, have 24).
 19799 | D:15     | Found a frozen archway.
 19923 | D:15     | 19923 ||| PLANNING ORC
 20012 | Orc:1    | Entered Level 1 of the Orcish Mines
 20013 | Orc:1    | 20013 ||| INVOKING Heroism.
 20016 | Orc:1    | 20016 ||| DRINKING 11 potions of curing.
 20016 | Orc:1    | 20016 ||| (to cure confusion)
 20131 | Orc:1    | 20131 ||| INVOKING Heroism.
 20137 | Orc:1    | 20137 ||| Stepping ~*~*~tactically~*~*~ (stealth).
 20188 | Orc:1    | 20188 ||| Stepping ~*~*~tactically~*~*~ (stealth).
 20191 | Orc:1    | 20191 ||| Stepping ~*~*~tactically~*~*~ (stealth).
 20197 | Orc:1    | 20197 ||| Stepping ~*~*~tactically~*~*~ (stealth).
 20236 | Orc:1    | 20236 ||| Stepping ~*~*~tactically~*~*~ (hiding).
 20241 | Orc:1    | 20241 ||| INVOKING Heroism.
 20344 | Orc:1    | 20344 ||| Stepping ~*~*~tactically~*~*~ (stealth).
 20345 | Orc:1    | 20345 ||| Stepping ~*~*~tactically~*~*~ (stealth).
 20347 | Orc:1    | 20347 ||| Stepping ~*~*~tactically~*~*~ (hiding).
 20352 | Orc:1    | 20352 ||| Stepping ~*~*~tactically~*~*~ (stealth).
 20354 | Orc:1    | 20354 ||| INVOKING Heroism.
 20355 | Orc:1    | 20355 ||| DRINKING 10 potions of curing.
 20355 | Orc:1    | 20355 ||| (to cure confusion)
 20532 | Orc:1    | Paralysed by an orc sorcerer for 4 turns
 20536 | Orc:1    | 20536 ||| Stepping ~*~*~tactically~*~*~ (hiding).
 20539 | Orc:1    | 20539 ||| INVOKING Heroism.
 20653 | Orc:2    | Entered Level 2 of the Orcish Mines
 20653 | Orc:2    | Noticed Snorg
 20654 | Orc:2    | 20654 ||| INVOKING Heroism.
 20656 | Orc:2    | 20656 ||| INVOKING Finesse.
 20666 | Orc:2    | 20666 ||| DRINKING 9 potions of curing.
 20666 | Orc:2    | 20666 ||| (to cure confusion)
 20677 | Orc:2    | Killed Snorg
 20708 | Orc:2    | Noticed Jorgrun
 20709 | Orc:2    | 20709 ||| Stepping ~*~*~tactically~*~*~ (stealth).
 20717 | Orc:2    | Killed Jorgrun
 20718 | Orc:2    | Reached skill level 15 in Armour
 20724 | Orc:2    | 20724 ||| Stepping ~*~*~tactically~*~*~ (hiding).
 20726 | Orc:2    | 20726 ||| Stepping ~*~*~tactically~*~*~ (stealth).
 20727 | Orc:2    | 20727 ||| Stepping ~*~*~tactically~*~*~ (stealth).
 20728 | Orc:2    | 20728 ||| Stepping ~*~*~tactically~*~*~ (stealth).
 20729 | Orc:2    | 20729 ||| Stepping ~*~*~tactically~*~*~ (stealth).
 20754 | Orc:2    | 20754 ||| Stepping ~*~*~tactically~*~*~ (stealth).
 20761 | Orc:2    | 20761 ||| INVOKING Heroism.
 20779 | Orc:2    | Noticed an orc warlord
 20780 | Orc:2    | 20780 ||| Stepping ~*~*~tactically~*~*~ (hiding).
 20782 | Orc:2    | 20782 ||| Stepping ~*~*~tactically~*~*~ (hiding).
 20785 | Orc:2    | 20785 ||| INVOKING Finesse.
 20795 | Orc:2    | Killed an orc warlord
 20892 | Orc:2    | 20892 ||| INVOKING Heroism.
 20937 | Orc:2    | 20937 ||| Stepping ~*~*~tactically~*~*~ (hiding).
 20944 | Orc:2    | 20944 ||| FLEEEEING.
 20946 | Orc:2    | 20946 ||| FLEEEEING.
 20948 | Orc:2    | 20948 ||| FLEEEEING.
 20949 | Orc:2    | 20949 ||| FLEEEEING.
 20950 | Orc:2    | 20950 ||| FLEEEEING.
 20951 | Orc:2    | 20951 ||| FLEEEEING.
 20953 | Orc:2    | 20953 ||| FLEEEEING.
 20954 | Orc:2    | 20954 ||| FLEEEEING.
 20955 | Orc:2    | 20955 ||| FLEEEEING.
 20956 | Orc:2    | 20956 ||| FLEEEEING.
 20957 | Orc:2    | 20957 ||| FLEEEEING.
 20958 | Orc:2    | 20958 ||| FLEEEEING.
 20959 | Orc:2    | 20959 ||| FLEEEEING.
 20960 | Orc:2    | 20960 ||| FLEEEEING.
 20961 | Orc:2    | 20961 ||| FLEEEEING.
 20962 | Orc:2    | 20962 ||| FLEEEEING.
 20963 | Orc:2    | 20963 ||| FLEEEEING.
 20964 | Orc:2    | 20964 ||| FLEEEEING.
 20965 | Orc:2    | 20965 ||| FLEEEEING.
 20966 | Orc:2    | 20966 ||| FLEEEEING.
 20967 | Orc:2    | 20967 ||| FLEEEEING.
 20968 | Orc:2    | 20968 ||| FLEEEEING.
 20969 | Orc:2    | 20969 ||| FLEEEEING.
 20970 | Orc:2    | 20970 ||| FLEEEEING.
 20971 | Orc:2    | 20971 ||| FLEEEEING.
 20972 | Orc:2    | 20972 ||| Stepping ~*~*~tactically~*~*~ (hiding).
 20973 | Orc:2    | 20973 ||| INVOKING Heroism.
 21115 | Orc:2    | Found a staircase to the Elven Halls.
 21129 | Orc:2    | 21129 ||| Stepping ~*~*~tactically~*~*~ (stealth).
 21131 | Orc:2    | 21131 ||| INVOKING Heroism.
 21135 | Orc:2    | 21135 ||| DRINKING 8 potions of curing.
 21135 | Orc:2    | 21135 ||| (to cure confusion)
 21142 | Orc:2    | 21142 ||| Stepping randomly (disturbance).
 21147 | Orc:2    | Found Inefyiru's Distillery.
 21152 | Orc:2    | 21152 ||| DRINKING 7 potions of curing.
 21152 | Orc:2    | 21152 ||| (to cure confusion)
 21153 | Orc:2    | 21153 ||| DRINKING 6 potions of curing.
 21153 | Orc:2    | 21153 ||| (to cure confusion)
 21167 | Orc:2    | 21167 ||| BUYING potion of lignification (33 gold).
 21167 | Orc:2    | Bought a potion of lignification for 33 gold pieces
 21167 | Orc:2    | 21167 ||| BUYING potion of magic (88 gold).
 21167 | Orc:2    | Bought a potion of magic for 88 gold pieces
 21167 | Orc:2    | 21167 ||| BUYING potion of resistance (110 gold).
 21167 | Orc:2    | Bought a potion of resistance for 110 gold pieces
 21184 | Orc:2    | Found a radiant altar of Vehumet.
 21185 | Orc:2    | 21185 ||| INVOKING Heroism.
 21191 | Orc:2    | Paralysed by an orc sorcerer for 4 turns
 21205 | Orc:2    | 21205 ||| Stepping ~*~*~tactically~*~*~ (stealth).
 21230 | Orc:2    | Paralysed by something for 3 turns
 21240 | Orc:2    | 21240 ||| INVOKING Heroism.
 21319 | Orc:2    | 21319 ||| Stepping ~*~*~tactically~*~*~ (hiding).
 21324 | Orc:2    | 21324 ||| INVOKING Heroism.
 21326 | Orc:2    | Found Ecaj's Book Boutique.
 21326 | Orc:2    | Paralysed by an ogre mage for 2 turns
 21330 | Orc:2    | 21330 ||| DRINKING 5 potions of curing.
 21330 | Orc:2    | 21330 ||| (to cure confusion)
 21335 | Orc:2    | Found Enerisk's Antique Armour Boutique.
 21341 | Orc:2    | Paralysed by an orc sorcerer for 2 turns
 21348 | Orc:2    | Found an ancient bone altar of Kikubaaqudgha.
 21350 | Orc:2    | 21350 ||| DRINKING 4 potions of curing.
 21350 | Orc:2    | 21350 ||| (to cure confusion)
 21381 | Orc:2    | 21381 ||| DRINKING 3 potions of curing.
 21381 | Orc:2    | 21381 ||| (to cure confusion)
 21392 | Orc:2    | 21392 ||| INVOKING Heroism.
 21427 | Orc:2    | 21427 ||| BUYING runed cloak (217 gold).
 21427 | Orc:2    | Bought a runed cloak for 217 gold pieces
 21462 | Orc:2    | 21462 ||| INVOKING Heroism.
 21464 | Orc:2    | Found Xorasum's Distillery.
 21471 | Orc:2    | Reached skill level 13 in Fighting
 21482 | Orc:2    | 21482 ||| BUYING potion of attraction (39 gold).
 21482 | Orc:2    | Bought a potion of attraction for 39 gold pieces
 21482 | Orc:2    | 21482 ||| BUYING potion of cancellation (104 gold).
 21482 | Orc:2    | Bought a potion of cancellation for 104 gold pieces
 21482 | Orc:2    | 21482 ||| BUYING potion of cancellation (104 gold).
 21482 | Orc:2    | Bought a potion of cancellation for 104 gold pieces
 21482 | Orc:2    | 21482 ||| SHOPLISTING potion of curing (39 gold, have 30).
 21482 | Orc:2    | 21482 ||| SHOPLISTING potion of heal wounds (65 gold, have
                  | 30).
 21482 | Orc:2    | 21482 ||| SHOPLISTING potion of lignification (39 gold,
                  | have 30).
 21482 | Orc:2    | 21482 ||| SHOPLISTING potion of might (52 gold, have 30).
 21516 | Orc:2    | Noticed Josephine
 21517 | Orc:2    | 21517 ||| INVOKING Heroism.
 21524 | Orc:2    | Reached XP level 16. HP: 104/104 MP: 21/23
 21525 | Orc:2    | Killed Josephine
 21882 | Orc:2    | 21882 ||| FLEEEEING.
 21883 | Orc:2    | 21883 ||| FLEEEEING.
 21884 | Orc:2    | 21884 ||| FLEEEEING.
 21971 | Orc:2    | 21971 ||| INVOKING Heroism.
 22072 | Orc:2    | Noticed Donald
 22073 | Orc:2    | 22073 ||| INVOKING Heroism.
 22074 | Orc:2    | 22074 ||| INVOKING Finesse.
 22082 | Orc:2    | Killed Donald
 22083 | Orc:2    | Reached skill level 6 in Throwing
 22187 | Orc:2    | 22187 ||| DROPPING +1 cloak of stealth.
 22188 | Orc:2    | 22188 ||| UPGRADING to +0 kite shield.
 22198 | Orc:2    | 22198 ||| DROPPING +0 buckler.
 22300 | Orc:1    | 22300 ||| PLANNING SPIDER:1-3
 22487 | Spider:1 | Entered Level 1 of the Spider Nest
 22516 | Spider:1 | Received a gift from Okawaru
 22568 | Spider:1 | 22568 ||| Stepping ~*~*~tactically~*~*~ (stealth).
 22570 | Spider:1 | 22570 ||| Stepping ~*~*~tactically~*~*~ (hiding).
 22571 | Spider:1 | 22571 ||| Stepping ~*~*~tactically~*~*~ (hiding).
 22574 | Spider:1 | 22574 ||| INVOKING Heroism.
 22576 | Spider:1 | 22576 ||| INVOKING Finesse.
 22669 | Spider:1 | 22669 ||| Stepping ~*~*~tactically~*~*~ (stealth).
 22672 | Spider:1 | 22672 ||| Stepping ~*~*~tactically~*~*~ (stealth).
 22679 | Spider:1 | 22679 ||| INVOKING Heroism.
 22690 | Spider:1 | Reached skill level 9 in Shields
 22715 | Spider:1 | 22715 ||| Stepping ~*~*~tactically~*~*~ (stealth).
 22716 | Spider:1 | 22716 ||| Stepping ~*~*~tactically~*~*~ (stealth).
 22718 | Spider:1 | 22718 ||| Stepping ~*~*~tactically~*~*~ (stealth).
 22720 | Spider:1 | 22720 ||| Stepping ~*~*~tactically~*~*~ (stealth).
 22722 | Spider:1 | 22722 ||| INVOKING Finesse.
 22744 | Spider:1 | 22744 ||| DRINKING 2 potions of curing.
 22744 | Spider:1 | 22744 ||| (to cure confusion)
 22795 | Spider:1 | 22795 ||| INVOKING Finesse.
 22888 | Spider:1 | 22888 ||| Stepping ~*~*~tactically~*~*~ (stealth).
 22923 | Spider:1 | 22923 ||| Stepping ~*~*~tactically~*~*~ (stealth).
 22985 | Spider:1 | 22985 ||| Stepping ~*~*~tactically~*~*~ (hiding).
 22988 | Spider:1 | 22988 ||| INVOKING Heroism.
 23345 | Spider:1 | 23345 ||| DROPPING +1 helmet.
 23346 | Spider:1 | 23346 ||| DROPPING scarf of harm.
 23379 | Spider:2 | 23379 ||| INVOKING Heroism.
 23439 | Spider:2 | 23439 ||| Stepping ~*~*~tactically~*~*~ (stealth).
 23440 | Spider:2 | 23440 ||| Stepping ~*~*~tactically~*~*~ (stealth).
 23458 | Spider:2 | 23458 ||| INVOKING Heroism.
 23541 | Spider:2 | 23541 ||| INVOKING Finesse.
 23609 | Spider:2 | 23609 ||| Stepping ~*~*~tactically~*~*~ (stealth).
 23718 | Spider:2 | 23718 ||| INVOKING Heroism.
 23730 | Spider:2 | Reached skill level 12 in Shields
 23731 | Spider:2 | HP: 15/104 [meliai/divine providence (17)]
 23732 | Spider:2 | 23732 ||| READING 13 scrolls of teleportation.
 23732 | Spider:2 | HP: 6/104 [sun moth (9)]
 23733 | Spider:2 | 23733 ||| DRINKING 8 potions of heal wounds.
 23735 | Spider:2 | 23735 ||| DRINKING 7 potions of heal wounds.
 23957 | Spider:2 | Found a runed translucent door.
 23999 | Spider:2 | 23999 ||| INVOKING Heroism.
 24075 | Spider:2 | 24075 ||| INVOKING Heroism.
 24385 | Spider:2 | 24385 ||| Stepping ~*~*~tactically~*~*~ (hiding).
 24389 | Spider:2 | 24389 ||| INVOKING Heroism.
 24411 | Spider:2 | 24411 ||| Stepping ~*~*~tactically~*~*~ (stealth).
 24455 | Spider:2 | 24455 ||| Stepping ~*~*~tactically~*~*~ (stealth).
 24457 | Spider:2 | 24457 ||| FLEEEEING.
 24734 | Spider:2 | Noticed qw's ghost (adept GrFi)
 24896 | Spider:3 | 24896 ||| INVOKING Heroism.
 24897 | Spider:3 | 24897 ||| STAIRDANCE
 25049 | Spider:3 | 25049 ||| Stepping ~*~*~tactically~*~*~ (stealth).
 25051 | Spider:3 | 25051 ||| Stepping ~*~*~tactically~*~*~ (stealth).
 25055 | Spider:3 | 25055 ||| Stepping ~*~*~tactically~*~*~ (stealth).
 25057 | Spider:3 | 25057 ||| Stepping ~*~*~tactically~*~*~ (stealth).
 25064 | Spider:3 | 25064 ||| Stepping ~*~*~tactically~*~*~ (stealth).
 25065 | Spider:3 | 25065 ||| Stepping ~*~*~tactically~*~*~ (stealth).
 25068 | Spider:3 | 25068 ||| INVOKING Heroism.
 25075 | Spider:3 | Received a gift from Okawaru
 25103 | Spider:3 | 25103 ||| INVOKING Heroism.
 25116 | Spider:3 | 25116 ||| DRINKING 2 potions of curing.
 25116 | Spider:3 | 25116 ||| (to cure confusion)
 25153 | Spider:3 | 25153 ||| Stepping ~*~*~tactically~*~*~ (stealth).
 25154 | Spider:3 | 25154 ||| Stepping ~*~*~tactically~*~*~ (stealth).
 25162 | Spider:3 | 25162 ||| FLEEEEING.
 25163 | Spider:3 | 25163 ||| Stepping ~*~*~tactically~*~*~ (stealth).
 25165 | Spider:3 | 25165 ||| INVOKING Finesse.
 25215 | Spider:3 | 25215 ||| Stepping ~*~*~tactically~*~*~ (stealth).
 25216 | Spider:3 | 25216 ||| Stepping ~*~*~tactically~*~*~ (stealth).
 25252 | Spider:3 | 25252 ||| Stepping ~*~*~tactically~*~*~ (stealth).
 25353 | Spider:3 | Identified the ring "Duacwuz" {Str+6 Stlth+}
 25373 | Spider:3 | Noticed Arachne
 25374 | Spider:3 | 25374 ||| Stepping ~*~*~tactically~*~*~ (hiding).
 25375 | Spider:3 | 25375 ||| INVOKING Heroism.
 25376 | Spider:3 | 25376 ||| INVOKING Finesse.
 25396 | Spider:3 | Killed Arachne
 25396 | Spider:3 | Received a gift from Okawaru
 25400 | Spider:3 | Reached XP level 17. HP: 88/108 MP: 18/24
 25447 | Spider:3 | 25447 ||| Stepping ~*~*~tactically~*~*~ (stealth).
 25503 | Spider:3 | 25503 ||| Stepping ~*~*~tactically~*~*~ (stealth).
 25505 | Spider:3 | 25505 ||| Stepping ~*~*~tactically~*~*~ (stealth).
 25506 | Spider:3 | 25506 ||| Stepping ~*~*~tactically~*~*~ (stealth).
 25589 | Spider:3 | 25589 ||| Stepping ~*~*~tactically~*~*~ (stealth).
 25590 | Spider:3 | 25590 ||| Stepping ~*~*~tactically~*~*~ (stealth).
 25591 | Spider:3 | 25591 ||| Stepping ~*~*~tactically~*~*~ (stealth).
 25592 | Spider:3 | 25592 ||| Stepping ~*~*~tactically~*~*~ (stealth).
 25593 | Spider:3 | 25593 ||| Stepping ~*~*~tactically~*~*~ (stealth).
 25595 | Spider:3 | 25595 ||| INVOKING Heroism.
 25751 | Spider:3 | 25751 ||| PLANNING SHOALS:1-3
 25751 | Spider:3 | 25751 ||| DROPPING +1 helmet of intelligence.
 25752 | Spider:3 | 25752 ||| UPGRADING to ring "Duacwuz" {Str+6 Stlth+}.
 25754 | Spider:3 | 25754 ||| READING 26 scrolls of identify.
 25754 | Spider:3 | 25754 ||| IDENTIFYING sapphire potion
 25755 | Spider:3 | 25755 ||| DROPPING potion of invisibility.
 25961 | Shoals:1 | Entered Level 1 of the Shoals
 25963 | Shoals:1 | Received a gift from Okawaru
 25972 | Shoals:1 | 25972 ||| Stepping ~*~*~tactically~*~*~ (stealth).
 26143 | Shoals:1 | 26143 ||| Stepping ~*~*~tactically~*~*~ (stealth).
 26308 | Shoals:1 | 26308 ||| INVOKING Heroism.
 26333 | Shoals:1 | Received a gift from Okawaru
 26366 | Shoals:1 | 26366 ||| INVOKING Heroism.
 26408 | Shoals:1 | 26408 ||| Stepping ~*~*~tactically~*~*~ (hiding).
 26409 | Shoals:1 | 26409 ||| Stepping ~*~*~tactically~*~*~ (hiding).
 26494 | Shoals:1 | 26494 ||| Stepping ~*~*~tactically~*~*~ (hiding).
 26905 | Shoals:1 | 26905 ||| DROPPING ring of magical power.
 27052 | Shoals:2 | 27052 ||| INVOKING Heroism.
 27053 | Shoals:2 | 27053 ||| INVOKING Finesse.
 27068 | Shoals:2 | Reached skill level 14 in Fighting
 27444 | Shoals:2 | Found a runed translucent door.
 27451 | Shoals:2 | Noticed Bityczex's ghost (adept DEFE)
 27634 | Shoals:2 | 27634 ||| DROPPING +1 cloak.
 27670 | Shoals:3 | Found Fionyl's Magic Scroll Shoppe.
 27671 | Shoals:3 | 27671 ||| INVOKING Heroism.
 27693 | Shoals:3 | 27693 ||| BUYING scroll of enchant armour (112 gold).
 27693 | Shoals:3 | Bought a scroll of enchant armour for 112 gold pieces
 27693 | Shoals:3 | 27693 ||| BUYING scroll of enchant armour (112 gold).
 27693 | Shoals:3 | Bought a scroll of enchant armour for 112 gold pieces
 27693 | Shoals:3 | 27693 ||| BUYING scroll of teleportation (45 gold).
 27693 | Shoals:3 | Bought a scroll of teleportation for 45 gold pieces
 27693 | Shoals:3 | 27693 ||| BUYING scroll of teleportation (45 gold).
 27693 | Shoals:3 | Bought a scroll of teleportation for 45 gold pieces
 27714 | Shoals:3 | 27714 ||| Stepping ~*~*~tactically~*~*~ (hiding).
 27779 | Shoals:3 | 27779 ||| INVOKING Heroism.
 27890 | Shoals:3 | Found Noem's Distillery.
 27896 | Shoals:3 | 27896 ||| Stepping ~*~*~tactically~*~*~ (hiding).
 27897 | Shoals:3 | 27897 ||| Stepping ~*~*~tactically~*~*~ (hiding).
 27899 | Shoals:3 | 27899 ||| Stepping ~*~*~tactically~*~*~ (hiding).
 27901 | Shoals:3 | 27901 ||| Stepping ~*~*~tactically~*~*~ (hiding).
 27903 | Shoals:3 | 27903 ||| INVOKING Heroism.
 27958 | Shoals:3 | Found Durghimu's Antique Armour Shoppe.
 27960 | Shoals:3 | 27960 ||| BUYING 2 potions of curing (114 gold).
 27960 | Shoals:3 | Bought 2 potions of curing for 114 gold pieces
 27960 | Shoals:3 | 27960 ||| BUYING 2 potions of haste (380 gold).
 27960 | Shoals:3 | Bought 2 potions of haste for 380 gold pieces
 27960 | Shoals:3 | 27960 ||| BUYING potion of attraction (57 gold).
 27960 | Shoals:3 | Bought a potion of attraction for 57 gold pieces
 27960 | Shoals:3 | 27960 ||| BUYING potion of heal wounds (95 gold).
 27960 | Shoals:3 | Bought a potion of heal wounds for 95 gold pieces
 27960 | Shoals:3 | 27960 ||| BUYING potion of heal wounds (95 gold).
 27960 | Shoals:3 | Bought a potion of heal wounds for 95 gold pieces
 27960 | Shoals:3 | 27960 ||| SHOPLISTING potion of mutation (152 gold, have
                  | 2).
 27966 | Shoals:3 | 27966 ||| SHOPLISTING glowing cloak (232 gold, have 2).
 28005 | Shoals:3 | 28005 ||| INVOKING Heroism.
 28112 | Shoals:3 | 28112 ||| INVOKING Heroism.
 28113 | Shoals:3 | 28113 ||| INVOKING Finesse.
 28127 | Shoals:3 | Received a gift from Okawaru
 28282 | Shoals:3 | 28282 ||| INVOKING Heroism.
 28303 | Shoals:3 | Found Cappus's Assorted Antiques.
 28339 | Shoals:3 | 28339 ||| SHOPLISTING potion of heal wounds (150 gold, have
                  | 2).
 28339 | Shoals:3 | 28339 ||| SHOPLISTING vibrating bone ring (150 gold, have
                  | 2).
 28435 | Shoals:3 | Found Jalit's Jewellery Emporium.
 28438 | Shoals:3 | 28438 ||| SHOPLISTING ring of see invisible (225 gold, have
                  | 20).
 28540 | Shoals:3 | 28540 ||| PLANNING SPIDER:4
 28708 | Spider:4 | Entered Level 4 of the Spider Nest
 28709 | Spider:4 | 28709 ||| INVOKING Heroism.
 28710 | Spider:4 | 28710 ||| INVOKING Finesse.
 28721 | Spider:4 | 28721 ||| Stepping ~*~*~tactically~*~*~ (hiding).
 28722 | Spider:4 | 28722 ||| Stepping ~*~*~tactically~*~*~ (hiding).
 28788 | Spider:4 | 28788 ||| Stepping ~*~*~tactically~*~*~ (stealth).
 28805 | Spider:4 | Reached skill level 6 in Dodging
 28882 | Spider:4 | 28882 ||| Stepping ~*~*~tactically~*~*~ (stealth).
 29099 | Spider:4 | 29099 ||| Stepping ~*~*~tactically~*~*~ (stealth).
 29103 | Spider:4 | 29103 ||| Stepping ~*~*~tactically~*~*~ (stealth).
 29116 | Spider:4 | 29116 ||| Stepping ~*~*~tactically~*~*~ (hiding).
 29136 | Spider:4 | 29136 ||| Stepping ~*~*~tactically~*~*~ (stealth).
 29146 | Spider:4 | Identified the +0 leather armour of Axoykh {Harm}
 29165 | Spider:4 | 29165 ||| INVOKING Heroism.
 29181 | Spider:4 | Received a gift from Okawaru
 29187 | Spider:4 | 29187 ||| Stepping ~*~*~tactically~*~*~ (stealth).
 29205 | Spider:4 | 29205 ||| Stepping ~*~*~tactically~*~*~ (stealth).
 29207 | Spider:4 | 29207 ||| Stepping randomly (disturbance).
 29208 | Spider:4 | 29208 ||| Stepping randomly (disturbance).
 29235 | Spider:4 | 29235 ||| INVOKING Heroism.
 29237 | Spider:4 | Received a gift from Okawaru
 29258 | Spider:4 | Received a gift from Okawaru
 29284 | Spider:4 | 29284 ||| FLEEEEING.
 29285 | Spider:4 | 29285 ||| INVOKING Heroism.
 29288 | Spider:4 | Reached XP level 18. HP: 67/117 MP: 8/25
 29307 | Spider:4 | 29307 ||| Stepping ~*~*~tactically~*~*~ (stealth).
 29335 | Spider:4 | 29335 ||| INVOKING Heroism.
 29488 | Spider:4 | 29488 ||| INVOKING Heroism.
 29503 | Spider:4 | Received a gift from Okawaru
 29504 | Spider:4 | Reached skill level 15 in Fighting
 29505 | Spider:4 | Received a gift from Okawaru
 29520 | Spider:4 | HP: 22/119 [demonic crawler (10)]
 29521 | Spider:4 | 29521 ||| READING 16 scrolls of teleportation.
 29522 | Spider:4 | 29522 ||| DRINKING 9 potions of heal wounds.
 29523 | Spider:4 | 29523 ||| INVOKING Heroism.
 29533 | Spider:4 | 29533 ||| Stepping ~*~*~tactically~*~*~ (stealth).
 29536 | Spider:4 | 29536 ||| Stepping ~*~*~tactically~*~*~ (stealth).
 29537 | Spider:4 | 29537 ||| Stepping ~*~*~tactically~*~*~ (stealth).
 29545 | Spider:4 | HP: 27/119 [entropy weaver (6)]
 29546 | Spider:4 | 29546 ||| READING 15 scrolls of teleportation.
 29547 | Spider:4 | 29547 ||| DRINKING 8 potions of heal wounds.
 29753 | Spider:4 | 29753 ||| INVOKING Heroism.
 29754 | Spider:4 | 29754 ||| Stepping ~*~*~tactically~*~*~ (stealth).
 29798 | Spider:4 | 29798 ||| INVOKING Heroism.
 29802 | Spider:4 | 29802 ||| INVOKING Finesse.
 29803 | Spider:4 | Identified the +5 plate armour of Calculation {Will+
                  | Regen+} (Okawaru gifted it to you on level 4 of the Spider
                  | Nest)
 29803 | Spider:4 | Received a gift from Okawaru
 29804 | Spider:4 | 29804 ||| Stepping ~*~*~tactically~*~*~ (hiding).
 29807 | Spider:4 | 29807 ||| Stepping ~*~*~tactically~*~*~ (hiding).
 29951 | Spider:4 | Got a gossamer rune of Zot
 30044 | Spider:4 | 30044 ||| Stepping ~*~*~tactically~*~*~ (stealth).
 30311 | Spider:4 | 30311 ||| PLANNING VAULTS:1-4
 30311 | Spider:4 | 30311 ||| UPGRADING to +5 plate armour of Calculation
                  | {Will+ Regen+}.
 30321 | Spider:4 | 30321 ||| DROPPING scarf of shadows.
 30322 | Spider:4 | 30322 ||| UPGRADING to +4 ring of slaying {mikee}.
 30324 | Spider:4 | 30324 ||| DROPPING ring "Duacwuz" {Str+6 Stlth+}.
 30583 | Vaults:1 | Entered Level 1 of the Vaults
 30584 | Vaults:1 | 30584 ||| INVOKING Heroism.
 30926 | Vaults:1 | 30926 ||| INVOKING Heroism.
 30960 | Vaults:1 | 30960 ||| INVOKING Heroism.
 31020 | Vaults:1 | 31020 ||| INVOKING Heroism.
 31028 | Vaults:1 | Reached skill level 15 in Shields
 31059 | Vaults:1 | 31059 ||| Stepping ~*~*~tactically~*~*~ (hiding).
 31086 | Vaults:1 | 31086 ||| Stepping ~*~*~tactically~*~*~ (hiding).
 31095 | Vaults:1 | 31095 ||| INVOKING Heroism.
 31107 | Vaults:1 | Reached skill level 16 in Fighting
 31372 | Vaults:1 | 31372 ||| Stepping ~*~*~tactically~*~*~ (stealth).
 31375 | Vaults:1 | 31375 ||| INVOKING Heroism.
 31448 | Vaults:1 | Found Eladdos's Weapon Emporium.
 31864 | Vaults:2 | 31864 ||| Stepping ~*~*~tactically~*~*~ (hiding).
 31872 | Vaults:2 | Received a gift from Okawaru
 31873 | Vaults:2 | Reached skill level 9 in Throwing
 32070 | Vaults:2 | 32070 ||| Stepping ~*~*~tactically~*~*~ (hiding).
 32134 | Vaults:2 | 32134 ||| INVOKING Heroism.
 32138 | Vaults:2 | Received a gift from Okawaru
 32319 | Vaults:2 | 32319 ||| INVOKING Heroism.
 32363 | Vaults:2 | 32363 ||| Stepping ~*~*~tactically~*~*~ (hiding).
 32366 | Vaults:2 | 32366 ||| Stepping ~*~*~tactically~*~*~ (hiding).
 32373 | Vaults:2 | 32373 ||| Stepping ~*~*~tactically~*~*~ (hiding).
 32382 | Vaults:2 | Received a gift from Okawaru
 32383 | Vaults:2 | Reached XP level 19. HP: 126/127 MP: 26/26
 32422 | Vaults:2 | 32422 ||| Stepping ~*~*~tactically~*~*~ (hiding).
 32432 | Vaults:2 | Reached skill level 17 in Fighting
 32448 | Vaults:2 | Noticed Jory
 32449 | Vaults:2 | 32449 ||| INVOKING Heroism.
 32450 | Vaults:2 | 32450 ||| INVOKING Finesse.
 32467 | Vaults:2 | Killed Jory
 32546 | Vaults:2 | 32546 ||| INVOKING Heroism.
 32556 | Vaults:2 | 32556 ||| Stepping ~*~*~tactically~*~*~ (hiding).
 32587 | Vaults:2 | 32587 ||| Stepping ~*~*~tactically~*~*~ (hiding).
 32651 | Vaults:2 | 32651 ||| Stepping ~*~*~tactically~*~*~ (hiding).
 32712 | Vaults:2 | 32712 ||| Stepping ~*~*~tactically~*~*~ (stealth).
 32733 | Vaults:2 | 32733 ||| INVOKING Heroism.
 32853 | Vaults:2 | 32853 ||| Stepping ~*~*~tactically~*~*~ (hiding).
 33233 | Vaults:2 | 33233 ||| INVOKING Heroism.
 33242 | Vaults:2 | Received a gift from Okawaru
 33332 | Vaults:3 | 33332 ||| PLANNING DESOLATION
 33338 | Vaults:3 | 33338 ||| INVOKING Heroism.
 33358 | Vaults:3 | 33358 ||| Stepping ~*~*~tactically~*~*~ (hiding).
 33359 | Vaults:3 | HP: 30/128 [ironbound thunderhulk/bolt of lightning (14)]
 33360 | Vaults:3 | 33360 ||| READING 18 scrolls of teleportation.
 33361 | Vaults:3 | 33361 ||| DRINKING 9 potions of heal wounds.
 33362 | Vaults:3 | 33362 ||| STAIRDANCE
 33473 | Vaults:3 | 33473 ||| Stepping ~*~*~tactically~*~*~ (hiding).
 33695 | Vaults:3 | 33695 ||| Stepping ~*~*~tactically~*~*~ (hiding).
 33701 | Vaults:3 | 33701 ||| INVOKING Heroism.
 33762 | Vaults:3 | 33762 ||| INVOKING Heroism.
 33767 | Vaults:3 | Reached skill level 18 in Fighting
 33774 | Vaults:3 | 33774 ||| INVOKING Finesse.
 33806 | Abyss:2  | Cast into level 2 of the Abyss (a wizard)
 33827 | Vaults:3 | Escaped the Abyss
 33889 | Vaults:3 | 33889 ||| Stepping ~*~*~tactically~*~*~ (hiding).
 33892 | Vaults:3 | 33892 ||| Stepping ~*~*~tactically~*~*~ (hiding).
 33894 | Vaults:3 | 33894 ||| INVOKING Heroism.
 34058 | Vaults:3 | 34058 ||| Stepping ~*~*~tactically~*~*~ (hiding).
 34059 | Vaults:3 | 34059 ||| Stepping ~*~*~tactically~*~*~ (hiding).
 34089 | Vaults:3 | 34089 ||| RIP DESOLATION
 34092 | Vaults:3 | 34092 ||| PLANNING VAULTS:1-4
 34203 | Vaults:3 | Identified the +0 cloak of Ecvir {rC+++ Will-} (Okawaru
                  | gifted it to you on level 3 of the Vaults)
 34203 | Vaults:3 | Received a gift from Okawaru
 34239 | Vaults:3 | Found a staircase to the Crypt.
 34241 | Vaults:3 | 34241 ||| Stepping randomly (disturbance).
 34242 | Vaults:3 | 34242 ||| Stepping randomly (disturbance).
 34360 | Vaults:3 | Found Sixt's Book Shoppe.
 34472 | Vaults:3 | Reached skill level 18 in Armour
 34483 | Vaults:3 | 34483 ||| Stepping ~*~*~tactically~*~*~ (hiding).
 34486 | Vaults:3 | 34486 ||| Stepping ~*~*~tactically~*~*~ (hiding).
 34532 | Vaults:3 | 34532 ||| INVOKING Heroism.
 34595 | Vaults:3 | 34595 ||| Stepping ~*~*~tactically~*~*~ (hiding).
 34789 | Vaults:3 | 34789 ||| DROPPING amulet of faith.
 34908 | Vaults:4 | 34908 ||| Stepping ~*~*~tactically~*~*~ (stealth).
 34909 | Vaults:4 | 34909 ||| INVOKING Finesse.
 34910 | Vaults:4 | 34910 ||| Stepping ~*~*~tactically~*~*~ (stealth).
 34913 | Vaults:4 | 34913 ||| Stepping ~*~*~tactically~*~*~ (stealth).
 34915 | Vaults:4 | 34915 ||| INVOKING Heroism.
 34992 | Vaults:4 | Identified the +5 long sword "Zicism" {venom, rCorr}
 35070 | Vaults:4 | Reached XP level 20. HP: 114/137 MP: 27/27
 35085 | Vaults:4 | 35085 ||| Stepping ~*~*~tactically~*~*~ (hiding).
 35113 | Vaults:4 | 35113 ||| INVOKING Heroism.
 35195 | Vaults:4 | 35195 ||| Stepping ~*~*~tactically~*~*~ (hiding).
 35486 | Vaults:4 | 35486 ||| FLEEEEING.
 35489 | Vaults:4 | 35489 ||| FLEEEEING.
 35490 | Vaults:4 | 35490 ||| FLEEEEING.
 35491 | Vaults:4 | 35491 ||| FLEEEEING.
 35492 | Vaults:4 | 35492 ||| FLEEEEING.
 35493 | Vaults:4 | 35493 ||| FLEEEEING.
 35494 | Vaults:4 | 35494 ||| FLEEEEING.
 35495 | Vaults:4 | 35495 ||| FLEEEEING.
 35496 | Vaults:4 | 35496 ||| FLEEEEING.
 35497 | Vaults:4 | 35497 ||| FLEEEEING.
 35498 | Vaults:4 | 35498 ||| FLEEEEING.
 35499 | Vaults:4 | 35499 ||| FLEEEEING.
 35500 | Vaults:4 | 35500 ||| FLEEEEING.
 35506 | Vaults:4 | 35506 ||| FLEEEEING.
 35507 | Vaults:4 | 35507 ||| FLEEEEING.
 35508 | Vaults:4 | 35508 ||| FLEEEEING.
 35509 | Vaults:4 | 35509 ||| FLEEEEING.
 35510 | Vaults:4 | 35510 ||| FLEEEEING.
 35511 | Vaults:4 | 35511 ||| FLEEEEING.
 35512 | Vaults:4 | 35512 ||| FLEEEEING.
 35513 | Vaults:4 | 35513 ||| FLEEEEING.
 35514 | Vaults:4 | 35514 ||| FLEEEEING.
 35515 | Vaults:4 | 35515 ||| FLEEEEING.
 35516 | Vaults:4 | 35516 ||| FLEEEEING.
 35517 | Vaults:4 | 35517 ||| FLEEEEING.
 35518 | Vaults:4 | 35518 ||| FLEEEEING.
 35519 | Vaults:4 | 35519 ||| FLEEEEING.
 35520 | Vaults:4 | 35520 ||| FLEEEEING.
 35521 | Vaults:4 | 35521 ||| FLEEEEING.
 35522 | Vaults:4 | 35522 ||| FLEEEEING.
 35523 | Vaults:4 | 35523 ||| FLEEEEING.
 35524 | Vaults:4 | 35524 ||| FLEEEEING.
 35525 | Vaults:4 | 35525 ||| FLEEEEING.
 35526 | Vaults:4 | 35526 ||| FLEEEEING.
 35527 | Vaults:4 | 35527 ||| FLEEEEING.
 35528 | Vaults:4 | 35528 ||| FLEEEEING.
 35535 | Vaults:4 | 35535 ||| FLEEEEING.
 35542 | Vaults:4 | 35542 ||| FLEEEEING.
 35543 | Vaults:4 | 35543 ||| FLEEEEING.
 35544 | Vaults:4 | 35544 ||| FLEEEEING.
 35545 | Vaults:4 | 35545 ||| FLEEEEING.
 35546 | Vaults:4 | 35546 ||| FLEEEEING.
 35550 | Vaults:4 | 35550 ||| STAIRDANCE
 35658 | Vaults:4 | 35658 ||| READING 19 scrolls of teleportation.
 35659 | Vaults:4 | 35659 ||| FLEEEEING.
 35661 | Vaults:4 | 35661 ||| STAIRDANCE
 35993 | Vaults:4 | Identified the +2 robe of Light {Rampage Will+}
 36126 | Vaults:4 | 36126 ||| DRINKING potion of experience.
 36126 | Vaults:4 | Reached skill level 19 in Fighting
 36126 | Vaults:4 | Reached XP level 21. HP: 144/144 MP: 28/28
 36158 | Vaults:4 | 36158 ||| Stepping ~*~*~tactically~*~*~ (hiding).
 36210 | Vaults:4 | Noticed Margery
 36211 | Vaults:4 | 36211 ||| DRINKING 4 potions of resistance.
 36218 | Vaults:4 | 36218 ||| INVOKING Heroism.
 36223 | Vaults:4 | HP: 23/144 [hell knight/+1 glaive of flaming[Margery] (18)]
 36224 | Vaults:4 | 36224 ||| READING 18 scrolls of teleportation.
 36225 | Vaults:4 | 36225 ||| DRINKING 8 potions of heal wounds.
 36227 | Vaults:4 | Killed Margery
 36319 | Vaults:4 | 36319 ||| Stepping ~*~*~tactically~*~*~ (stealth).
 36365 | Vaults:4 | 36365 ||| Stepping ~*~*~tactically~*~*~ (stealth).
 36413 | Vaults:4 | 36413 ||| FLEEEEING.
 36414 | Vaults:4 | 36414 ||| FLEEEEING.
 36417 | Vaults:4 | 36417 ||| INVOKING Heroism.
 36629 | Vaults:4 | Found a portal to a secret trove of treasure.
 36747 | Vaults:4 | 36747 ||| PLANNING SHOALS:4
 36747 | Vaults:4 | 36747 ||| DROPPING +6 ring of dexterity.
 37068 | Shoals:4 | Entered Level 4 of the Shoals
 37068 | Shoals:4 | Found a stormy altar of Qazlal.
 37086 | Shoals:4 | 37086 ||| INVOKING Heroism.
 37126 | Shoals:4 | 37126 ||| Stepping ~*~*~tactically~*~*~ (hiding).
 37177 | Shoals:4 | Received a gift from Okawaru
 37189 | Shoals:4 | 37189 ||| Stepping ~*~*~tactically~*~*~ (hiding).
 37192 | Shoals:4 | 37192 ||| INVOKING Heroism.
 37194 | Shoals:4 | Identified the +4 leather armour of Suklupt {Harm +Blink
                  | Str+2}
 37212 | Shoals:4 | 37212 ||| INVOKING Finesse.
 37240 | Shoals:4 | 37240 ||| INVOKING Finesse.
 37245 | Shoals:4 | Received a gift from Okawaru
 37275 | Shoals:4 | 37275 ||| Stepping ~*~*~tactically~*~*~ (stealth).
 37280 | Shoals:4 | 37280 ||| Stepping ~*~*~tactically~*~*~ (hiding).
 37318 | Shoals:4 | 37318 ||| Stepping ~*~*~tactically~*~*~ (hiding).
 37338 | Shoals:4 | Received a gift from Okawaru
 37341 | Shoals:4 | Got a barnacled rune of Zot
 37362 | Shoals:4 | 37362 ||| Stepping ~*~*~tactically~*~*~ (hiding).
 37371 | Shoals:4 | 37371 ||| Stepping ~*~*~tactically~*~*~ (hiding).
 37391 | Shoals:4 | Identified the +10 chain mail "Ostomat" {rCorr}
 37433 | Shoals:4 | 37433 ||| Stepping ~*~*~tactically~*~*~ (stealth).
 37438 | Shoals:4 | 37438 ||| Stepping ~*~*~tactically~*~*~ (hiding).
 37454 | Shoals:4 | 37454 ||| Stepping ~*~*~tactically~*~*~ (stealth).
 37455 | Shoals:4 | 37455 ||| Stepping ~*~*~tactically~*~*~ (stealth).
 37456 | Shoals:4 | 37456 ||| Stepping ~*~*~tactically~*~*~ (stealth).
 37457 | Shoals:4 | 37457 ||| Stepping ~*~*~tactically~*~*~ (stealth).
 37459 | Shoals:4 | 37459 ||| Stepping ~*~*~tactically~*~*~ (hiding).
 37514 | Shoals:4 | 37514 ||| Stepping ~*~*~tactically~*~*~ (hiding).
 37518 | Shoals:4 | 37518 ||| INVOKING Heroism.
 37520 | Shoals:4 | Reached skill level 20 in Fighting
 37631 | Shoals:4 | 37631 ||| INVOKING Heroism.
 37649 | Shoals:4 | Found a stormy altar of Qazlal.
 37769 | Shoals:4 | 37769 ||| INVOKING Heroism.
 37832 | Shoals:4 | 37832 ||| Stepping ~*~*~tactically~*~*~ (stealth).
 37833 | Shoals:4 | 37833 ||| Stepping ~*~*~tactically~*~*~ (hiding).
 37834 | Shoals:4 | 37834 ||| Stepping ~*~*~tactically~*~*~ (hiding).
 37942 | Shoals:4 | 37942 ||| INVOKING Heroism.
 37945 | Shoals:4 | Received a gift from Okawaru
 37966 | Shoals:4 | 37966 ||| Stepping ~*~*~tactically~*~*~ (stealth).
 37969 | Shoals:4 | 37969 ||| Stepping ~*~*~tactically~*~*~ (stealth).
 37971 | Shoals:4 | 37971 ||| Stepping ~*~*~tactically~*~*~ (hiding).
 38032 | Shoals:4 | 38032 ||| PLANNING DEPTHS
 38032 | Shoals:4 | 38032 ||| DROPPING +6 ring of strength.
 38289 | Depths:1 | Entered Level 1 of the Depths
 38321 | Depths:1 | Found a one-way gateway to a ziggurat.
 38381 | Depths:1 | Found a corrupted altar of Lugonu.
 38382 | Depths:1 | Found a one-way gate to the infinite horrors of the Abyss.
 38395 | Depths:1 | Found a gateway to Hell.
 38428 | Depths:1 | 38428 ||| Stepping ~*~*~tactically~*~*~ (stealth).
 38428 | Depths:1 | Found Koyg's Assorted Antiques.
 38431 | Depths:1 | Found Lasel's Armour Boutique.
 38431 | Depths:1 | Found Equas's Book Shop.
 38434 | Depths:1 | Found Deal's Magic Scroll Shop.
 38460 | Depths:1 | 38460 ||| BUYING potion of heal wounds (185 gold).
 38460 | Depths:1 | Bought a potion of heal wounds for 185 gold pieces
 38460 | Depths:1 | 38460 ||| BUYING potion of might (148 gold).
 38460 | Depths:1 | Bought a potion of might for 148 gold pieces
 38460 | Depths:1 | 38460 ||| BUYING small gilded ring (185 gold).
 38460 | Depths:1 | Bought a small gilded ring for 185 gold pieces
 38470 | Depths:1 | 38470 ||| BUYING scroll of brand weapon (114 gold).
 38470 | Depths:1 | Bought a scroll of brand weapon for 114 gold pieces
 38512 | Depths:1 | 38512 ||| INVOKING Heroism.
 38653 | Depths:1 | 38653 ||| Stepping ~*~*~tactically~*~*~ (hiding).
 38710 | Depths:1 | Received a gift from Okawaru
 39052 | Depths:1 | 39052 ||| Stepping ~*~*~tactically~*~*~ (stealth).
 39053 | Depths:1 | 39053 ||| Stepping ~*~*~tactically~*~*~ (stealth).
 39099 | Depths:1 | Received a gift from Okawaru
 39199 | Depths:1 | Found a glowing silver altar of Zin.
 39202 | Depths:1 | 39202 ||| DROPPING amulet of magic regeneration.
 39203 | Depths:1 | 39203 ||| DROPPING +6 ring of intelligence.
 39204 | Depths:1 | 39204 ||| DROPPING ring of positive energy.
 39235 | Depths:2 | 39235 ||| FLEEEEING.
 39236 | Depths:2 | 39236 ||| FLEEEEING.
 39237 | Depths:2 | 39237 ||| FLEEEEING.
 39238 | Depths:2 | 39238 ||| STAIRDANCE
 39256 | Depths:2 | 39256 ||| STAIRDANCE
 39267 | Depths:2 | 39267 ||| INVOKING Heroism.
 39268 | Depths:2 | 39268 ||| STAIRDANCE
 39272 | Depths:1 | Reached XP level 22. HP: 145/152 MP: 27/29
 39300 | Depths:2 | 39300 ||| STAIRDANCE
 39318 | Depths:2 | 39318 ||| FLEEEEING.
 39319 | Depths:2 | 39319 ||| STAIRDANCE
 39340 | Depths:2 | 39340 ||| STAIRDANCE
 39405 | Depths:2 | 39405 ||| Stepping ~*~*~tactically~*~*~ (hiding).
 39406 | Depths:2 | 39406 ||| Stepping ~*~*~tactically~*~*~ (hiding).
 39409 | Depths:2 | 39409 ||| INVOKING Heroism.
 39413 | Depths:2 | 39413 ||| Stepping ~*~*~tactically~*~*~ (hiding).
 39413 | Depths:2 | Found a one-way gate leading to the halls of Pandemonium.
 39451 | Depths:2 | 39451 ||| Stepping ~*~*~tactically~*~*~ (stealth).
 39477 | Depths:2 | Received a gift from Okawaru
 39497 | Depths:2 | 39497 ||| INVOKING Heroism.
 39498 | Depths:2 | Identified the amulet "Yrham" {Faith Str+5 Int+6}
 39508 | Depths:2 | 39508 ||| Stepping randomly (cloudy).
 39509 | Depths:2 | 39509 ||| Stepping randomly (cloudy).
 39528 | Depths:2 | 39528 ||| Stepping randomly (cloudy).
 39529 | Depths:2 | 39529 ||| Stepping randomly (cloudy).
 39542 | Depths:2 | 39542 ||| Stepping ~*~*~tactically~*~*~ (cloud).
 39546 | Depths:2 | 39546 ||| FLEEEEING.
 39547 | Depths:2 | 39547 ||| FLEEEEING.
 39548 | Depths:2 | 39548 ||| FLEEEEING.
 39549 | Depths:2 | 39549 ||| FLEEEEING.
 39559 | Depths:2 | 39559 ||| Stepping ~*~*~tactically~*~*~ (hiding).
 39571 | Depths:2 | 39571 ||| INVOKING Heroism.
 39572 | Depths:2 | 39572 ||| INVOKING Finesse.
 39612 | Depths:2 | 39612 ||| Stepping ~*~*~tactically~*~*~ (stealth).
 39617 | Depths:2 | 39617 ||| Stepping ~*~*~tactically~*~*~ (hiding).
 39652 | Depths:2 | 39652 ||| INVOKING Heroism.
 39653 | Depths:2 | 39653 ||| INVOKING Finesse.
 39690 | Depths:2 | 39690 ||| Stepping ~*~*~tactically~*~*~ (stealth).
 39691 | Depths:2 | 39691 ||| SWAPPING to +6 antimagic broad axe.
 39692 | Depths:2 | 39692 ||| DROPPING +4 war axe "Zykem" {flame, Str+8}.
 39693 | Depths:2 | 39693 ||| READING 3 scrolls of enchant weapon.
 39693 | Depths:2 | 39693 ||| ENCHANTING +6 antimagic broad axe.
 39694 | Depths:2 | 39694 ||| READING 2 scrolls of enchant weapon.
 39694 | Depths:2 | 39694 ||| ENCHANTING +7 antimagic broad axe.
 39695 | Depths:2 | 39695 ||| READING scroll of enchant weapon.
 39695 | Depths:2 | 39695 ||| ENCHANTING +8 antimagic broad axe.
 39696 | Depths:2 | 39696 ||| READING 3 scrolls of brand weapon.
 39696 | Depths:2 | 39696 ||| BRANDING +9 antimagic broad axe.
 39697 | Depths:2 | 39697 ||| READING 2 scrolls of brand weapon.
 39697 | Depths:2 | 39697 ||| BRANDING +9 broad axe of freezing.
 39698 | Depths:2 | 39698 ||| READING scroll of brand weapon.
 39698 | Depths:2 | 39698 ||| BRANDING +9 broad axe of chaos.
 39856 | Depths:2 | 39856 ||| Stepping ~*~*~tactically~*~*~ (hiding).
 39858 | Depths:2 | 39858 ||| Stepping ~*~*~tactically~*~*~ (hiding).
 39859 | Depths:2 | 39859 ||| INVOKING Heroism.
 39866 | Depths:2 | 39866 ||| INVOKING Finesse.
 39877 | Depths:2 | Identified the +5 storm dragon scales "Japu" {Rampage Fly
                  | rElec Will+} (Okawaru gifted it to you on level 2 of the
                  | Depths)
 39877 | Depths:2 | Received a gift from Okawaru
 39889 | Depths:2 | 39889 ||| Stepping ~*~*~tactically~*~*~ (stealth).
 39890 | Depths:2 | 39890 ||| Stepping ~*~*~tactically~*~*~ (stealth).
 39891 | Depths:2 | 39891 ||| Stepping ~*~*~tactically~*~*~ (stealth).
 39892 | Depths:2 | 39892 ||| Stepping ~*~*~tactically~*~*~ (stealth).
 39893 | Depths:2 | 39893 ||| Stepping ~*~*~tactically~*~*~ (stealth).
 39894 | Depths:2 | 39894 ||| INVOKING Heroism.
 39996 | Depths:2 | 39996 ||| Stepping ~*~*~tactically~*~*~ (hiding).
 40014 | Depths:2 | 40014 ||| Stepping ~*~*~tactically~*~*~ (hiding).
 40059 | Depths:2 | 40059 ||| Stepping ~*~*~tactically~*~*~ (stealth).
 40146 | Depths:2 | 40146 ||| Stepping ~*~*~tactically~*~*~ (hiding).
 40153 | Depths:2 | 40153 ||| Stepping ~*~*~tactically~*~*~ (stealth).
 40155 | Depths:2 | 40155 ||| Stepping ~*~*~tactically~*~*~ (stealth).
 40156 | Depths:2 | 40156 ||| Stepping ~*~*~tactically~*~*~ (stealth).
 40167 | Depths:2 | 40167 ||| INVOKING Heroism.
 40224 | Depths:2 | 40224 ||| Stepping ~*~*~tactically~*~*~ (stealth).
 40226 | Depths:2 | 40226 ||| INVOKING Heroism.
 40227 | Depths:2 | 40227 ||| INVOKING Finesse.
 40275 | Depths:2 | 40275 ||| INVOKING Heroism.
 40359 | Depths:2 | Found a corrupted altar of Lugonu.
 40501 | Depths:2 | 40501 ||| UPGRADING to +2 kite shield of poison resistance.
 40511 | Depths:2 | 40511 ||| DROPPING +2 cloak of poison resistance.
 40512 | Depths:2 | 40512 ||| DROPPING +0 kite shield.
 40513 | Depths:2 | 40513 ||| UPGRADING to +0 tower shield.
 40523 | Depths:2 | 40523 ||| DROPPING +2 kite shield of poison resistance.
 40524 | Depths:2 | 40524 ||| DROPPING ring of fire.
 40525 | Depths:2 | 40525 ||| DROPPING ring of willpower.
 40580 | Depths:3 | 40580 ||| INVOKING Heroism.
 40611 | Depths:3 | Noticed the Enchantress
 40612 | Depths:3 | 40612 ||| INVOKING Finesse.
 40626 | Depths:3 | Killed the Enchantress
 40715 | Depths:3 | 40715 ||| INVOKING Heroism.
 40806 | Depths:3 | 40806 ||| Stepping ~*~*~tactically~*~*~ (hiding).
 40809 | Depths:3 | 40809 ||| Stepping ~*~*~tactically~*~*~ (hiding).
 40810 | Depths:3 | 40810 ||| INVOKING Heroism.
 40888 | Depths:3 | 40888 ||| INVOKING Heroism.
 40889 | Depths:3 | 40889 ||| INVOKING Finesse.
 40939 | Depths:3 | Found an ancient bone altar of Kikubaaqudgha.
 40942 | Depths:3 | 40942 ||| INVOKING Heroism.
 40946 | Depths:3 | Reached skill level 18 in Axes
 40977 | Depths:3 | 40977 ||| Stepping ~*~*~tactically~*~*~ (hiding).
 40986 | Depths:3 | Reached skill level 18 in Shields
 41019 | Depths:3 | Identified the ring of Vodka {rElec Int+6 Dex+6 Stlth+}
 41031 | Depths:3 | 41031 ||| INVOKING Heroism.
 41092 | Depths:3 | 41092 ||| INVOKING Heroism.
 41175 | Depths:3 | 41175 ||| INVOKING Heroism.
 41176 | Depths:3 | 41176 ||| Stepping ~*~*~tactically~*~*~ (hiding).
 41229 | Depths:3 | 41229 ||| Stepping ~*~*~tactically~*~*~ (stealth).
 41232 | Depths:3 | Received a gift from Okawaru
 41256 | Depths:3 | 41256 ||| INVOKING Heroism.
 41257 | Depths:3 | 41257 ||| INVOKING Finesse.
 41354 | Depths:3 | Identified the +2 robe of Annegumu {Dex+5}
 41434 | Depths:3 | Reached XP level 23. HP: 159/159 MP: 30/30
 41599 | Depths:3 | 41599 ||| INVOKING Heroism.
 41603 | Depths:3 | 41603 ||| Stepping ~*~*~tactically~*~*~ (hiding).
 41607 | Depths:3 | Identified the +5 pair of gloves of Romemoil {rN++}
                  | (Okawaru gifted it to you on level 3 of the Depths)
 41607 | Depths:3 | Received a gift from Okawaru
 41617 | Depths:3 | 41617 ||| INVOKING Heroism.
 41722 | Depths:3 | 41722 ||| INVOKING Heroism.
 41834 | Depths:3 | 41834 ||| Stepping ~*~*~tactically~*~*~ (hiding).
 41835 | Depths:3 | 41835 ||| INVOKING Finesse.
 41839 | Depths:3 | 41839 ||| INVOKING Heroism.
 41854 | Depths:3 | 41854 ||| Stepping ~*~*~tactically~*~*~ (hiding).
 42190 | Depths:3 | 42190 ||| DROPPING +0 helmet of see invisible.
 42191 | Depths:3 | 42191 ||| DROPPING +0 pair of boots of stealth.
 42192 | Depths:3 | 42192 ||| UPGRADING to +5 pair of gloves of Romemoil
                  | {rN++}.
 42202 | Depths:3 | 42202 ||| DROPPING +2 pair of gloves of the Teacher {Will-
                  | Int+4 Dex+3}.
 42203 | Depths:3 | 42203 ||| DROPPING ring of Vodka {rElec Int+6 Dex+6
                  | Stlth+}.
 42239 | Depths:4 | Entered Level 4 of the Depths
 42239 | Depths:4 | Noticed a juggernaut
 42240 | Depths:4 | 42240 ||| INVOKING Heroism.
 42241 | Depths:4 | 42241 ||| INVOKING Finesse.
 42245 | Depths:4 | Killed a juggernaut
 42262 | Depths:4 | 42262 ||| Stepping ~*~*~tactically~*~*~ (hiding).
 42299 | Depths:4 | 42299 ||| Stepping ~*~*~tactically~*~*~ (hiding).
 42313 | Depths:4 | 42313 ||| Stepping ~*~*~tactically~*~*~ (stealth).
 42317 | Depths:4 | 42317 ||| Stepping ~*~*~tactically~*~*~ (stealth).
 42335 | Depths:4 | 42335 ||| Stepping ~*~*~tactically~*~*~ (hiding).
 42360 | Depths:4 | 42360 ||| Stepping ~*~*~tactically~*~*~ (hiding).
 42365 | Depths:4 | 42365 ||| INVOKING Heroism.
 42369 | Depths:4 | 42369 ||| Stepping ~*~*~tactically~*~*~ (hiding).
 42370 | Depths:4 | 42370 ||| Stepping ~*~*~tactically~*~*~ (hiding).
 42372 | Depths:4 | 42372 ||| Stepping ~*~*~tactically~*~*~ (hiding).
 42446 | Depths:4 | 42446 ||| Stepping ~*~*~tactically~*~*~ (hiding).
 42447 | Depths:4 | 42447 ||| Stepping ~*~*~tactically~*~*~ (hiding).
 42448 | Depths:4 | 42448 ||| Stepping ~*~*~tactically~*~*~ (hiding).
 42505 | Depths:4 | 42505 ||| INVOKING Heroism.
 42541 | Depths:4 | Noticed a caustic shrike
 42542 | Depths:4 | 42542 ||| Stepping ~*~*~tactically~*~*~ (stealth).
 42547 | Depths:4 | Noticed a caustic shrike
 42548 | Depths:4 | 42548 ||| Stepping ~*~*~tactically~*~*~ (stealth).
 42548 | Depths:4 | Noticed a caustic shrike
 42549 | Depths:4 | 42549 ||| INVOKING Heroism.
 42552 | Depths:4 | Noticed a caustic shrike
 42564 | Depths:4 | Killed a caustic shrike
 42574 | Depths:4 | Killed a caustic shrike
 42579 | Depths:4 | Killed a caustic shrike
 42584 | Depths:4 | Killed a caustic shrike
 42588 | Depths:4 | 42588 ||| Stepping ~*~*~tactically~*~*~ (hiding).
 42596 | Depths:4 | 42596 ||| Stepping ~*~*~tactically~*~*~ (hiding).
 42599 | Depths:4 | 42599 ||| Stepping ~*~*~tactically~*~*~ (hiding).
 42600 | Depths:4 | 42600 ||| Stepping ~*~*~tactically~*~*~ (hiding).
 42630 | Depths:4 | 42630 ||| Stepping ~*~*~tactically~*~*~ (stealth).
 42633 | Depths:4 | 42633 ||| INVOKING Heroism.
 42669 | Depths:4 | 42669 ||| Stepping ~*~*~tactically~*~*~ (hiding).
 42683 | Depths:4 | 42683 ||| Stepping ~*~*~tactically~*~*~ (stealth).
 42707 | Depths:4 | 42707 ||| INVOKING Heroism.
 42713 | Depths:4 | Reached skill level 21 in Shields
 42737 | Depths:4 | 42737 ||| Stepping ~*~*~tactically~*~*~ (hiding).
 42838 | Depths:4 | 42838 ||| INVOKING Heroism.
 42948 | Depths:4 | Noticed a golden dragon
 42949 | Depths:4 | 42949 ||| INVOKING Heroism.
 42960 | Depths:4 | Killed a golden dragon
 42976 | Depths:4 | Noticed a juggernaut
 42977 | Depths:4 | 42977 ||| INVOKING Finesse.
 42981 | Depths:4 | 42981 ||| Stepping ~*~*~tactically~*~*~ (hiding).
 42994 | Depths:4 | Killed a juggernaut
 42994 | Depths:4 | Received a gift from Okawaru
 43004 | Depths:4 | 43004 ||| Stepping ~*~*~tactically~*~*~ (stealth).
 43035 | Depths:4 | Found a gate to the Realm of Zot.
 43108 | Depths:4 | 43108 ||| Stepping ~*~*~tactically~*~*~ (stealth).
 43146 | Depths:4 | 43146 ||| INVOKING Heroism.
 43172 | Depths:4 | Reached skill level 21 in Fighting
 43208 | Depths:4 | 43208 ||| PLANNING VAULTS:5
 43436 | Vaults:5 | Entered Level 5 of the Vaults
 43437 | Vaults:5 | 43437 ||| INVOKING Heroism.
 43438 | Vaults:5 | 43438 ||| STAIRDANCE
 43449 | Vaults:5 | 43449 ||| STAIRDANCE
 43457 | Vaults:4 | Received a gift from Okawaru
 43470 | Vaults:5 | 43470 ||| STAIRDANCE
 43472 | Vaults:4 | 43472 ||| INVOKING Heroism.
 43501 | Vaults:5 | 43501 ||| STAIRDANCE
 43503 | Vaults:4 | 43503 ||| INVOKING Heroism.
 43526 | Vaults:5 | 43526 ||| STAIRDANCE
 43528 | Vaults:4 | 43528 ||| INVOKING Finesse.
 43536 | Vaults:4 | Reached skill level 12 in Throwing
 43564 | Vaults:5 | 43564 ||| STAIRDANCE
 43578 | Vaults:5 | 43578 ||| INVOKING Heroism.
 43579 | Vaults:5 | 43579 ||| INVOKING Finesse.
 43587 | Vaults:5 | 43587 ||| STAIRDANCE
 43590 | Vaults:4 | Reached XP level 24. HP: 146/166 MP: 24/30
 43621 | Vaults:5 | 43621 ||| STAIRDANCE
 43630 | Vaults:5 | 43630 ||| STAIRDANCE
 43640 | Vaults:5 | 43640 ||| STAIRDANCE
 43648 | Vaults:5 | 43648 ||| INVOKING Heroism.
 43649 | Vaults:5 | 43649 ||| STAIRDANCE
 43667 | Vaults:5 | 43667 ||| STAIRDANCE
 43678 | Vaults:5 | Received a gift from Okawaru
 43684 | Vaults:5 | 43684 ||| STAIRDANCE
 43698 | Vaults:5 | 43698 ||| INVOKING Heroism.
 43703 | Vaults:5 | 43703 ||| STAIRDANCE
 43720 | Vaults:5 | 43720 ||| Stepping ~*~*~tactically~*~*~ (hiding).
 43747 | Vaults:5 | 43747 ||| Stepping ~*~*~tactically~*~*~ (hiding).
 43748 | Vaults:5 | 43748 ||| Stepping ~*~*~tactically~*~*~ (hiding).
 43784 | Vaults:5 | 43784 ||| Stepping ~*~*~tactically~*~*~ (stealth).
 43785 | Vaults:5 | 43785 ||| Stepping ~*~*~tactically~*~*~ (stealth).
 43786 | Vaults:5 | 43786 ||| Stepping ~*~*~tactically~*~*~ (stealth).
 43806 | Vaults:5 | 43806 ||| INVOKING Heroism.
 43809 | Vaults:5 | 43809 ||| INVOKING Finesse.
 43815 | Vaults:5 | Reached skill level 22 in Fighting
 43850 | Vaults:5 | Identified the +1 pair of boots of the Rose {rElec rN+
                  | Int+7 SInv}
 43852 | Vaults:5 | Identified the +3 sling "Baranod" {flame, Str+7}
 43895 | Vaults:5 | 43895 ||| Stepping ~*~*~tactically~*~*~ (stealth).
 43923 | Vaults:5 | 43923 ||| Stepping ~*~*~tactically~*~*~ (hiding).
 43924 | Vaults:5 | 43924 ||| Stepping ~*~*~tactically~*~*~ (hiding).
 43926 | Vaults:5 | 43926 ||| Stepping ~*~*~tactically~*~*~ (stealth).
 43932 | Vaults:5 | Received a gift from Okawaru
 43940 | Vaults:5 | 43940 ||| Stepping ~*~*~tactically~*~*~ (hiding).
 43948 | Vaults:5 | 43948 ||| INVOKING Heroism.
 43978 | Vaults:5 | Received a gift from Okawaru
 44002 | Vaults:5 | Noticed a dread lich
 44002 | Vaults:5 | 44002 ||| INVOKING Finesse.
 44007 | Vaults:5 | Killed a dread lich
 44061 | Vaults:5 | Got a silver rune of Zot
 44172 | Vaults:5 | Identified the +3 chain mail of Action {-Cast Dex+5 Stlth+}
 44224 | Vaults:5 | 44224 ||| INVOKING Heroism.
 44251 | Vaults:5 | Reached skill level 21 in Armour
 44288 | Vaults:5 | Received a gift from Okawaru
 44376 | Vaults:5 | Noticed an ancient lich
 44377 | Vaults:5 | 44377 ||| Stepping ~*~*~tactically~*~*~ (hiding).
 44380 | Vaults:5 | 44380 ||| INVOKING Heroism.
 44383 | Vaults:5 | 44383 ||| INVOKING Finesse.
 44394 | Vaults:5 | Killed an ancient lich
 44513 | Vaults:5 | 44513 ||| Stepping ~*~*~tactically~*~*~ (hiding).
 44530 | Vaults:5 | 44530 ||| Stepping ~*~*~tactically~*~*~ (stealth).
 44536 | Vaults:5 | 44536 ||| Stepping ~*~*~tactically~*~*~ (hiding).
 44539 | Vaults:5 | 44539 ||| INVOKING Heroism.
 44571 | Vaults:5 | 44571 ||| Stepping ~*~*~tactically~*~*~ (hiding).
 44643 | Vaults:5 | 44643 ||| INVOKING Heroism.
 44714 | Vaults:5 | Identified the +10 plate armour of Shadows and Fog {rF+
                  | Int+2 Slay+2}
 44809 | Vaults:5 | 44809 ||| Stepping ~*~*~tactically~*~*~ (stealth).
 44819 | Vaults:5 | 44819 ||| INVOKING Heroism.
 44844 | Vaults:5 | 44844 ||| Stepping ~*~*~tactically~*~*~ (hiding).
 44879 | Vaults:5 | Identified the +8 rapier of Evil {vorpal, SInv}
 44899 | Vaults:5 | Identified the +11 trident of Freezing Cruel Justice
                  | {flame, rPois rCorr Str-4}
 44934 | Vaults:5 | 44934 ||| INVOKING Heroism.
 45136 | Vaults:5 | Identified the +1 cloak of Oseedye {rN+ Str+3}
 45138 | Vaults:5 | 45138 ||| PLANNING SHOPPING SPREE
 45138 | Vaults:5 | 45138 ||| UPGRADING to +1 pair of boots of the Rose {rElec
                  | rN+ Int+7 SInv}.
 45148 | Vaults:5 | 45148 ||| DROPPING +2 helmet of see invisible.
 45149 | Vaults:5 | 45149 ||| DROPPING scarf of invisibility.
 45150 | Vaults:5 | 45150 ||| UPGRADING to +10 plate armour of Shadows and Fog
                  | {rF+ Int+2 Slay+2}.
 45160 | Vaults:5 | 45160 ||| DROPPING +5 plate armour of Calculation {Will+
                  | Regen+}.
 45161 | Vaults:5 | 45161 ||| DROPPING +1 helmet of see invisible.
 45162 | Vaults:5 | 45162 ||| UPGRADING to +1 cloak of Oseedye {rN+ Str+3}.
 45172 | Vaults:5 | 45172 ||| DROPPING +2 cloak.
 45416 | Orc:2    | 45416 ||| BUYING potion of curing (39 gold).
 45416 | Orc:2    | Bought a potion of curing for 39 gold pieces
 45416 | Orc:2    | 45416 ||| BUYING potion of curing (39 gold).
 45416 | Orc:2    | Bought a potion of curing for 39 gold pieces
 45416 | Orc:2    | 45416 ||| BUYING potion of heal wounds (65 gold).
 45416 | Orc:2    | Bought a potion of heal wounds for 65 gold pieces
 45416 | Orc:2    | 45416 ||| BUYING potion of lignification (39 gold).
 45416 | Orc:2    | Bought a potion of lignification for 39 gold pieces
 45416 | Orc:2    | 45416 ||| BUYING potion of might (52 gold).
 45416 | Orc:2    | Bought a potion of might for 52 gold pieces
 45537 | D:10     | 45537 ||| BUYING scroll of brand weapon (152 gold).
 45537 | D:10     | Bought a scroll of brand weapon for 152 gold pieces
 45537 | D:10     | 45537 ||| BUYING scroll of teleportation (48 gold).
 45537 | D:10     | Bought a scroll of teleportation for 48 gold pieces
 45537 | D:10     | 45537 ||| BUYING scroll of teleportation (48 gold).
 45537 | D:10     | Bought a scroll of teleportation for 48 gold pieces
 45537 | D:10     | 45537 ||| READING scroll of brand weapon.
 45537 | D:10     | 45537 ||| BRANDING +9 broad axe of flaming.
 45619 | D:15     | 45619 ||| BUYING potion of heal wounds (60 gold).
 45619 | D:15     | Bought a potion of heal wounds for 60 gold pieces
 45619 | D:15     | 45619 ||| BUYING potion of heal wounds (60 gold).
 45619 | D:15     | Bought a potion of heal wounds for 60 gold pieces
 45619 | D:15     | 45619 ||| BUYING potion of magic (96 gold).
 45619 | D:15     | Bought a potion of magic for 96 gold pieces
 45705 | D:10     | 45705 ||| BUYING scroll of enchant weapon (112 gold).
 45705 | D:10     | Bought a scroll of enchant weapon for 112 gold pieces
 45802 | D:6      | 45802 ||| BUYING potion of resistance (120 gold).
 45802 | D:6      | Bought a potion of resistance for 120 gold pieces
 45992 | Shoals:3 | 45992 ||| BUYING potion of heal wounds (150 gold).
 45992 | Shoals:3 | Bought a potion of heal wounds for 150 gold pieces
 45992 | Shoals:3 | 45992 ||| BUYING vibrating bone ring (150 gold).
 45992 | Shoals:3 | Bought a vibrating bone ring for 150 gold pieces
 45992 | Shoals:3 | Identified the ring of the Fool {+Blink rF+ rCorr Dex+4
                  | Stlth-} (You bought it in a shop on level 3 of the Shoals)
 45992 | Shoals:3 | 45992 ||| DROPPING ring of protection from fire.
 46038 | Shoals:3 | 46038 ||| BUYING potion of mutation (152 gold).
 46038 | Shoals:3 | Bought a potion of mutation for 152 gold pieces
 46200 | D:10     | 46200 ||| BUYING potion of mutation (224 gold).
 46200 | D:10     | Bought a potion of mutation for 224 gold pieces
 46428 | Shoals:3 | 46428 ||| BUYING glowing cloak (232 gold).
 46428 | Shoals:3 | Bought a glowing cloak for 232 gold pieces
 46428 | Shoals:3 | 46428 ||| DROPPING +1 cloak of poison resistance.
 46665 | D:14     | 46665 ||| BUYING faintly glowing helmet (342 gold).
 46665 | D:14     | Bought a faintly glowing helmet for 342 gold pieces
 46665 | D:14     | Identified the +1 helmet of Idealism {Fly Dex+3} (You
                  | bought it in a shop on level 14 of the Dungeon)
 46720 | D:14     | 46720 ||| DROPPING +1 helmet of Idealism {Fly Dex+3}.
 46721 | D:14     | 46721 ||| CLEARING SHOPPING LIST
 46721 | D:14     | 46721 ||| PLANNING ZOT:1-4
 46721 | D:14     | 46721 ||| READING 23 scrolls of teleportation.
 46793 | D:14     | 46793 ||| UPGRADING to ring of the Fool {+Blink rF+ rCorr
                  | Dex+4 Stlth-}.
 46795 | D:14     | 46795 ||| READING 22 scrolls of teleportation.
 47185 | Zot:1    | Entered Level 1 of the Realm of Zot
 47192 | Zot:1    | 47192 ||| Stepping ~*~*~tactically~*~*~ (hiding).
 47193 | Zot:1    | 47193 ||| INVOKING Heroism.
 47205 | Zot:1    | 47205 ||| Stepping ~*~*~tactically~*~*~ (stealth).
 47248 | Zot:1    | 47248 ||| Stepping ~*~*~tactically~*~*~ (hiding).
 47482 | Zot:1    | 47482 ||| INVOKING Heroism.
 47498 | Zot:1    | Reached skill level 9 in Dodging
 47570 | Zot:1    | 47570 ||| Stepping ~*~*~tactically~*~*~ (hiding).
 47574 | Zot:1    | 47574 ||| INVOKING Heroism.
 47658 | Zot:1    | 47658 ||| INVOKING Heroism.
 47732 | Zot:1    | Found a snail-covered altar of Cheibriados.
 47811 | Zot:1    | Received a gift from Okawaru
 47812 | Zot:1    | 47812 ||| Stepping ~*~*~tactically~*~*~ (hiding).
 47814 | Zot:1    | 47814 ||| Stepping ~*~*~tactically~*~*~ (hiding).
 47815 | Zot:1    | 47815 ||| INVOKING Heroism.
 47819 | Zot:1    | 47819 ||| Stepping ~*~*~tactically~*~*~ (hiding).
 47824 | Zot:1    | Reached XP level 25. HP: 174/175 MP: 29/30
 47834 | Zot:1    | 47834 ||| Stepping ~*~*~tactically~*~*~ (hiding).
 47835 | Zot:1    | 47835 ||| Stepping ~*~*~tactically~*~*~ (hiding).
 47972 | Zot:1    | 47972 ||| INVOKING Heroism.
 48234 | Zot:2    | 48234 ||| INVOKING Heroism.
 48236 | Zot:2    | 48236 ||| Stepping ~*~*~tactically~*~*~ (stealth).
 48395 | Zot:2    | 48395 ||| INVOKING Heroism.
 48410 | Zot:2    | Reached skill level 23 in Fighting
 48444 | Zot:2    | 48444 ||| INVOKING Heroism.
 48501 | Zot:2    | Gained mutation: You are occasionally teleported next to
                  | monsters. [mutagenic glow]
 48502 | Zot:2    | 48502 ||| DRINKING 12 potions of mutation.
 48502 | Zot:2    | Lost mutation: You are occasionally teleported next to
                  | monsters. [potion of mutation]
 48502 | Zot:2    | Gained mutation: You are covered in fur. (AC +1) [potion of
                  | mutation]
 48502 | Zot:2    | Gained mutation: You are partially covered in iridescent
                  | scales. (AC +2) [potion of mutation]
 48510 | Zot:2    | Gained mutation: Armour fits poorly on your strangely
                  | shaped body. [mutagenic glow]
 48511 | Zot:2    | 48511 ||| DRINKING 11 potions of mutation.
 48511 | Zot:2    | Lost mutation: Armour fits poorly on your strangely shaped
                  | body. [potion of mutation]
 48511 | Zot:2    | Lost mutation: You are partially covered in iridescent
                  | scales. (AC +2) [potion of mutation]
 48511 | Zot:2    | Lost mutation: You are covered in fur. (AC +1) [potion of
                  | mutation]
 48511 | Zot:2    | Gained mutation: You passively map a small area around you.
                  | [potion of mutation]
 48513 | Zot:2    | 48513 ||| Stepping ~*~*~tactically~*~*~ (hiding).
 48514 | Zot:2    | 48514 ||| Stepping ~*~*~tactically~*~*~ (hiding).
 48516 | Zot:2    | 48516 ||| Stepping ~*~*~tactically~*~*~ (hiding).
 48521 | Zot:2    | 48521 ||| INVOKING Heroism.
 48531 | Zot:2    | 48531 ||| Stepping ~*~*~tactically~*~*~ (hiding).
 48676 | Zot:2    | 48676 ||| INVOKING Heroism.
 49214 | Zot:3    | 49214 ||| FLEEEEING.
 49215 | Zot:3    | 49215 ||| FLEEEEING.
 49216 | Zot:3    | 49216 ||| FLEEEEING.
 49217 | Zot:3    | 49217 ||| FLEEEEING.
 49218 | Zot:3    | 49218 ||| FLEEEEING.
 49219 | Zot:3    | 49219 ||| FLEEEEING.
 49220 | Zot:3    | 49220 ||| FLEEEEING.
 49221 | Zot:3    | 49221 ||| FLEEEEING.
 49222 | Zot:3    | 49222 ||| FLEEEEING.
 49223 | Zot:3    | 49223 ||| FLEEEEING.
 49224 | Zot:3    | 49224 ||| FLEEEEING.
 49225 | Zot:3    | 49225 ||| Stepping ~*~*~tactically~*~*~ (hiding).
 49231 | Zot:3    | 49231 ||| INVOKING Heroism.
 49245 | Zot:3    | HP: 26/176 [green draconian monk[a red draconian scorcher]
                  | (19)]
 49246 | Zot:3    | 49246 ||| READING 21 scrolls of teleportation.
 49247 | Zot:3    | 49247 ||| DRINKING 15 potions of heal wounds.
 49248 | Zot:3    | 49248 ||| DRINKING 14 potions of heal wounds.
 49248 | Zot:3    | HP: 3/176 [tentacled monstrosity (19)]
 49248 | Zot:3    | Mangled by a golden dragon

Levels and vault maps discovered:
D:1:      lemuel_arrival_broad_hall, layout_rooms,
          shapermc_ecumenical_altar_rom_forum
D:2:      layout_loops_ring, uniq_crazy_yiuf_cottage, uniq_sigmund, uniq_robin
D:3:      layout_basic, mainiacjoe_overflow_alcove_1,
          mainiacjoe_overflow_brackets, lemuel_zombie_altar_kikubaaqudgha
D:4:      layout_gridville, amcnicky_altar_gilded,
          nicolae_overflow_crystal_walls, makhleb_altar_promises_db,
          mainiacjoe_overflow_two_lobes
D:5:      layout_basic, enter_ossuary_2, uniq_ijyb
D:6:      layout_basic, mainiacjoe_overflow_chevrons,
          minmay_temple_entry_junction_2, serial_shops, shop, serial_undead,
          serial_undead_c, serial_undead_b, serial_undead_c, serial_undead_f,
          minmay_ruffians
D:7:      layout_cave_pools, mainiacjoe_overflow_alcove_4, minmay_mini_ossuary,
          uniq_joseph
D:8:      layout_gridville, kennysheep_mini_moat, david_lair_generic,
          enter_bailey_3
D:9:      layout_loops_corners, grunt_ashenzari_visionary
          [grunt_ashenzari_visionary_shoals, grunt_ashenzari_visionary_spider]
D:10:     layout_gridville, kennysheep_slug_shrine, serial_shops,
          nicolae_shop_overgrown_old_shop, shop, nicolae_square_shop, shop,
          nicolae_shop_statue_plus
D:11:     layout_small_grid, orc_0_dummy, biasface_ghost_orc_armoury,
          nrook_pool_corridor, hangedman_abyss_or_decor_stabs,
          kennysheep_decorative_pillar
D:12:     layout_stronghold
D:13:     layout_loops_ring
D:14:     layout_long_grid, david_vaults_3, gammafunk_ghost_crypt, serial_shops,
          shop, grunt_gozag_breadcrumbs, lemuel_flame_loot_1
D:15:     gammafunk_depths_entry_grave, layout_rooms,
          portal_ice_cave_entry_pillars_2, serial_shops, nicolae_shop_crystal,
          shop
Temple:   nicolae_temple_bog_church
Lair:1:   layout_misc_corridors, wad_woods_road_05
Lair:2:   layout_cave_pods, spider_nest_entry_rubble, infiniplex_staircase_pool
Lair:3:   layout_gridlike, minmay_shoals_entry_centaurs
Lair:4:   layout_cave_pods, grunt_forest_large_clearing_hut, uniq_urug,
          uniq_nessos
Lair:5:   grunt_lair_end_beastmaster, layout_regular_city, slime_entry_1,
          grunt_megastairs_5, infiniplex_staircase_pool_2, uniq_kirke
Shoals:1: layout_shoals, nicolae_shoals_undead_eyrie
Shoals:2: layout_shoals, ebering_ghost_reflecting_pool
Shoals:3: layout_shoals, serial_shops, nicolae_shop_competitors_out_of_business,
          shop_scrolls, nicolae_shop_behind_doors, shop_statue,
          nicolae_shop_advertising_works [nicolae_subvault_shop_adworks]
Shoals:4: shoals_end_hellmonk_storm_palace [storm_palace_center_ruins,
          storm_palace_corner_altar, storm_palace_corner_blocked,
          storm_palace_corner_altar, storm_palace_corner_altar], serial_shops
Spider:1: layout_spider_delve, hangedman_spider_tarantella_strand
Spider:2: layout_chambers, gammafunk_ghost_grave
Spider:3: layout_spider_delve, uniq_arachne
Spider:4: hellmonk_spider_rune_endless_swarm
Orc:1:    layout_diamond_mine, special_room [special_room_bee]
Orc:2:    kennysheep_orc_mage_school, layout_caves, bh_open_orc_temple,
          uniq_josephine, uniq_snorg, uniq_donald, uniq_jorgrun
Vaults:1: v_misc_29, ontoclasm_vaults_twist, hangedman_vaults_maws, v_pattern_5,
          nicolae_vaults_gold_heap, vaults_room_stairs_pillars,
          layout_vaults_omnigrid, serial_shops,
          nicolae_shop_bloodbath_and_beyond
Vaults:2: nicolae_vaults_little_squares_4, v_rooms_2, v_misc_24,
          hangedman_vaults_nodes, v_misc_10, v_alt_pattern_2,
          vaults_standard_mumra_enter_the_diamond, ontoclasm_vaults_ligature,
          vaults_room_semicircle, nicolae_vaults_alarming,
          nicolae_vaults_little_squares_6, nicolae_vaults_asterisk, v_misc_17,
          v_misc_19, nicolae_vaults_little_squares_4, ontoclasm_vaults_fault,
          layout_vaults_omnibox, uniq_jory
Vaults:3: portal_desolation_entry_garden, nicolae_vaults_triangles,
          vaults_mumra_hexcomb, vaults_mumra_chevron_long, vaults_dpeg_doors,
          hangedman_vaults_cutoff, v_misc_4, nicolae_vaults_meeting,
          nicolae_vaults_diagonal_hallway_9, nicolae_vaults_little_squares_5,
          nicolae_vaults_windows_and_doors_thing, blue_anna_dwarven_crypt,
          v_pattern_2, grunt_vaults_hallway_short, vaults_dpeg_encased_lava,
          layout_vaults_maze_snakey, serial_shops, shop
Vaults:4: grunt_vaults_funnel, grunt_vaults_bifocal, v_misc_3, vaults_dpeg_ring,
          nicolae_vaults_circle_grid_a, vaults_room_hangedman_quadrants,
          nicolae_vaults_little_squares_2, ontoclasm_vaults_gateway,
          nicolae_vaults_angled_halls, v_misc_2, nicolae_vaults_sealed_display,
          hangedman_vaults_cutoff, nicolae_vaults_shelves_hall,
          vaults_dpeg_spiral, hangedman_vaults_slice, layout_vaults_omnicross,
          nicolae_trove_entry_free_sample, uniq_margery
Vaults:5: serial_shops
Depths:1: layout_honeycomb, enter_ziggurat_f, hell_entry, zin_angel,
          abyss_entry_flame_altar, evilmike_butchery, minmay_shoptagon
Depths:2: nzn_winding_woodlands_large [nzn_winding_woodlands_5x5_checkerboard,
          nzn_winding_woodlands_5x15_sawtooth, nzn_winding_woodlands_hourglass,
          nzn_winding_woodlands_center_garden,
          nzn_winding_woodlands_15x15_five_gardens,
          nzn_winding_woodlands_center_lodge,
          nzn_winding_woodlands_5x5_open_star,
          nzn_winding_woodlands_5x15_concentric,
          nzn_winding_woodlands_5x5_cross], layout_cave_pools, hell_entry,
          rand_demon_pan_entry_3, minmay_variable_closet, tgw_lugonu_bribe
Depths:3: evilmike_negative_zone, layout_gridlike, grunt_hell_entry_dis_mu,
          serial_sigils_hangedman_snap, marbit_kobold_abyss_entry,
          uniq_enchantress
Depths:4: grunt_zot_entry_gee_three, layout_twisted_cross,
          nicolae_lava_and_water, hellmouth_1, abyss_entry
Zot:1:    layout_onion_interference, basic_altar, st_single_dragon_hoard_1,
          grunt_megastairs_3
Zot:2:    layout_gridlike
Zot:3:    layout_cellular_growth

Skill      XL: |  1  2  3  4  5  6  7  8  9 10 11 12 13 14 15 16 17 18 19 20 21 22 23 24 25 |
---------------+----------------------------------------------------------------------------+-----
Axes           | 2 3 5 6 7 8 9 10 11 12 14 15 16 18 | 18.0
Dodging        | 1 2 3 4 5 6 7 8 9 10 | 10.0
Fighting       | 4 5 6 7 8 9 10 11 13 14 16 18 19 20 21 22 23 | 23.0
Throwing       | 1 3 5 6 8 9 10 11 12 13 | 13.0
Armour         | 4 6 7 8 11 12 13 15 16 17 18 19 20 21 | 21.1
Shields        | 4 5 6 7 8 13 14 15 16 17 19 21 | 21.7
Invocations    | 4 5 9 10 | 10.0

Action                   |  1- 3 |  4- 6 |  7- 9 | 10-12 | 13-15 | 16-18 | 19-21 | 22-24 | 25-27 || total
-------------------------+-------+-------+-------+-------+-------+-------+-------+-------+-------++-------
Melee: War axe           |    74 |   131 |   225 |   351 |   933 |  1017 |   904 |   113 |       ||  3748
       Broad axe         |       |       |       |       |       |       |       |  1082 |   172 ||  1254
Throw: Boomerang         |       |     7 |    44 |    82 |    68 |    20 |     3 |       |       ||   224
       Javelin           |       |       |       |    46 |   140 |   174 |    59 |   109 |     8 ||   536
Invok: Heroism           |       |       |     2 |    30 |    47 |    42 |    21 |    50 |     7 ||   199
       Finesse           |       |       |       |     2 |     9 |    11 |     5 |    15 |       ||    42
  Use: Scroll            |     4 |     8 |     6 |     8 |     6 |     4 |     3 |     9 |     1 ||    49
       Potion            |       |     1 |     5 |       |     9 |     6 |     4 |       |     4 ||    29
 Stab: Petrified         |       |       |       |       |     8 |       |       |       |       ||     8
       Petrifying        |       |       |       |       |     3 |       |       |       |       ||     3
Armor: Scale mail        |    43 |    68 |    33 |       |       |       |       |       |       ||   144
       Chain mail        |       |       |    49 |       |       |       |       |       |       ||    49
       Plate armour      |       |       |    11 |   162 |       |    61 |   251 |   424 |   111 ||  1020
       Crystal plate arm |       |       |       |    44 |   501 |   441 |       |       |       ||   986
Dodge: Dodged            |    41 |    51 |    74 |   115 |   340 |   447 |   249 |   349 |    91 ||  1757
Block: Buckler           |     9 |    21 |    30 |    77 |   260 |    14 |       |       |       ||   411
       Reflection        |       |       |       |       |     7 |    23 |    45 |    34 |     1 ||   110
       Kite shield       |       |       |       |       |       |   830 |   527 |   152 |       ||  1509
       Tower shield      |       |       |       |       |       |       |       |   970 |   193 ||  1163

Table legend:
 A = Non-vault XP
 B = Vault XP
 C = Vault XP percentage of total XP
 D = Non-vault monster count
 E = Vault monster count
 F = Vault count percentage of total count
                 A         B        C        D         E       F
            +---------+---------+-------+---------+---------+-------
      Total |  499737 |  414481 |  45.3 |    1123 |     654 |  36.8
            +---------+---------+-------+---------+---------+-------
        D:1 |      32 |       0 |   0.0 |      19 |       0 |   0.0
        D:2 |      43 |     261 |  85.9 |      15 |      14 |  48.3
        D:3 |      42 |       2 |   4.5 |      24 |       2 |   7.7
        D:4 |     322 |       0 |   0.0 |      22 |       0 |   0.0
        D:5 |    1007 |      36 |   3.5 |      24 |       1 |   4.0
        D:6 |    1277 |    1087 |  46.0 |      22 |      10 |  31.2
        D:7 |    1751 |     445 |  20.3 |      25 |       6 |  19.4
        D:8 |    2782 |     957 |  25.6 |      30 |       8 |  21.1
        D:9 |    1852 |       0 |   0.0 |      19 |       0 |   0.0
       D:10 |    5632 |       4 |   0.1 |      41 |       1 |   2.4
       D:11 |    2138 |       0 |   0.0 |      15 |       0 |   0.0
       D:12 |    4870 |       0 |   0.0 |      21 |       0 |   0.0
       D:13 |    6481 |       0 |   0.0 |      17 |       0 |   0.0
       D:14 |    7437 |    6296 |  45.8 |      17 |      20 |  54.1
       D:15 |    6780 |    5259 |  43.7 |      11 |       8 |  42.1
     Lair:1 |    2514 |       0 |   0.0 |      14 |       0 |   0.0
     Lair:2 |    1863 |     188 |   9.2 |      10 |       1 |   9.1
     Lair:3 |    7235 |     462 |   6.0 |      31 |       4 |  11.4
     Lair:4 |    6391 |    1763 |  21.6 |      15 |       3 |  16.7
     Lair:5 |   17342 |   14198 |  45.0 |      46 |      27 |  37.0
   Shoals:1 |   11889 |    1111 |   8.5 |      25 |       6 |  19.4
   Shoals:2 |    5415 |       0 |   0.0 |      11 |       0 |   0.0
   Shoals:3 |   14750 |       0 |   0.0 |      28 |       0 |   0.0
   Shoals:4 |   22990 |   31244 |  57.6 |      45 |      61 |  57.5
   Spider:1 |   14570 |     301 |   2.0 |      37 |       1 |   2.6
   Spider:2 |   20208 |       0 |   0.0 |      47 |       0 |   0.0
   Spider:3 |   15044 |    2122 |  12.4 |      39 |       1 |   2.5
   Spider:4 |   24608 |   24157 |  49.5 |      51 |      46 |  47.4
      Orc:1 |    2567 |    1177 |  31.4 |      26 |      15 |  36.6
      Orc:2 |    6783 |   14076 |  67.5 |      51 |      46 |  47.4
   Vaults:1 |   25495 |    9882 |  27.9 |      33 |      14 |  29.8
   Vaults:2 |   16379 |   19157 |  53.9 |      22 |      27 |  55.1
   Vaults:3 |   20307 |   36755 |  64.4 |      31 |      50 |  61.7
   Vaults:4 |   11076 |   48221 |  81.3 |      22 |      58 |  72.5
   Vaults:5 |   21221 |   81642 |  79.4 |      28 |      66 |  70.2
   Depths:1 |   26926 |       0 |   0.0 |      31 |       0 |   0.0
   Depths:2 |    7611 |   42731 |  84.9 |      10 |      48 |  82.8
   Depths:3 |   38299 |   43040 |  52.9 |      47 |      58 |  55.2
   Depths:4 |   48879 |   22471 |  31.5 |      43 |      21 |  32.8
      Zot:1 |   34304 |    5102 |  12.9 |      31 |       3 |   8.8
      Zot:2 |   27798 |       0 |   0.0 |      22 |       0 |   0.0
      Zot:3 |    4827 |       0 |   0.0 |       5 |       0 |   0.0
    Ossuary |       0 |     334 | 100.0 |       0 |      28 | 100.0
            +---------+---------+-------+---------+---------+-------
